 Dungeon Crawl Stone Soup version 0.26-a0-84-g8c18429211 (webtiles) character file.

Game seed: 11989481928590593825

1449668 bmfx the Acrobat (level 27, 150/150 HPs)
             Began as a Spriggan Chaos Knight on June 19, 2020.
             Was a Favourite Plaything of Xom.
             Escaped with the Orb
             ... and 3 runes on June 20, 2020!
             The game lasted 05:44:01 (108249 turns).

bmfx the Acrobat (Spriggan Chaos Knight)          Turns: 108249, Time: 05:44:01

Health: 150/150    AC: 39    Str: 15    XL:     27
Magic:  27/34      EV: 35    Int: 26    God:    Xom [....*.]
Gold:   6298       SH:  0    Dex: 15    Spells: 33/56 levels left

rFire    + + .     SeeInvis +   a - +3 Elemental Staff {rElec rF++ rC++ MR++ AC+5}
rCold    + + +     Gourm    .   (shield currently unavailable)
rNeg     + + .     Faith    .   p - +10 pearl dragon scales
rPois    .         Spirit   .   n - +2 hat "Zeero" {god gift, rN+ rCorr Int+4}
rElec    +         Reflect  .   v - +1 cloak of Starlight {rElec rC+ EV+4 Stlth--}
rCorr    +         Harm     .   (gloves unavailable)
MR       +++++     Clarity  +   (boots unavailable)
Stlth    ++........             z - amulet "Pyqozustri" {Acrobat MR- Str+6 Slay+4}
HPRegen  0.35/turn              M - +4 ring of slaying
MPRegen  0.24/turn              f - +4 ring of slaying

@: very slightly contaminated, very quick
A: very small, unfitting armour, claws 1, horns 1, molten scales 1, thin
metallic scales 1, yellow scales 1, see invisible, clarity, clumsy 1, cold
resistance 1, deformed body, dopey 1, herbivore, speed 3, low mp 2, magic
resistance 1, screaming 1, shaggy fur 2, electricity resistance, inhibited
regeneration, slow metabolism 2, wild magic 1
0: Orb of Zot
}: 3/15 runes: barnacled, silver, gossamer
a: Renounce Religion


You escaped.
You worshipped Xom.
You were a beloved toy of Xom.
You were very full.

You visited 10 branches of the dungeon, and saw 52 of its levels.
You visited 2 bazaars.
You also visited: Sewer.

You collected 11289 gold pieces.
You spent 4991 gold pieces at shops.


Innate Abilities, Weirdness & Mutations

You are very small and have problems with some larger weapons.
You are too small for most types of armour.
You have supernaturally acute eyesight. (SInv)
You are a herbivore.
You cover ground extremely quickly.
You need to consume almost no food.
You have sharp fingernails.
You have a pair of small horns on your head.
You are partially covered in molten scales. (AC +2)
You are partially covered in thin metallic scales. (AC +2)
You are partially covered in yellow scales. (AC +2)
You possess an exceptional clarity of mind.
You are clumsy. (Dex -2)
Your flesh is cold resistant. (rC+)
Armour fits poorly on your strangely shaped body.
You are dopey. (Int -2)
Your magical capacity is very low. (-20% MP)
You are resistant to hostile enchantments. (MR+)
You occasionally shout uncontrollably at your foes.
You are covered in thick fur. (AC +2)
You are resistant to electric shocks. (rElec)
You do not regenerate when monsters are visible.
Your spells are a little harder to cast, but a little more powerful.

Dungeon Overview and Level Annotations

Branches:
Dungeon (15/15)            Temple (0/1) D:5            Lair (6/6) D:11
 Shoals (4/4) Lair:2       Spider (4/4) Lair:3        Slime (0/5) Lair:6
    Orc (2/2) D:9             Elf (3/3) Orc:2        Vaults (5/5) D:13
  Crypt (3/3) Vaults:2       Tomb (0/3) Crypt:3      Depths (5/5) D:15
    Zot (5/5) Depths:5      Sewer (visited)

Altars:
Ashenzari
Dithmenos
Gozag
Kikubaaqudgha
Nemelex Xobeh
Qazlal
Ru
Sif Muna
Vehumet
Xom
Yredelemnul
Zin
The Shining One
Beogh
Jiyva
Lugonu

Shops:
D:4 ?   D:7 }   D:9 ?:=}   D:14 =   Orc:2 %%=(   Elf:2 [   Elf:3 !   Shoals:3 }
Vaults:1 }[   Depths:1 *   Depths:2 =}}   Depths:4 }=?!   Depths:5 *

Portals:
Hell: Depths:1 Depths:2 Depths:3 Depths:4 Depths:5
Abyss: Depths:3 Depths:4 Depths:5
Pandemonium: Depths:3 Depths:5
Ziggurat: Depths:3

Annotations:
Elf:3 3 runed translucent doors, Dicoal's ghost, adept HaCK; Ekodety's ghost, adept SpEn; Neulin's ghost, veteran TrFi; Puagh's ghost, veteran TrFi; Wamoenne's ghost, adept BaIE
Crypt:1 2 transporters, exclusion: curse skull, Mennas; bmj180's ghost, veteran DrCj
Depths:1 exclusion: orange crystal statue
Depths:3 3 runed translucent doors, Rivec's ghost, veteran MiFi
Zot:4 exclusion: curse toe
Zot:5 2 runed translucent doors, xccam's ghost, legendary GnWn


   Skills:
 + Level 17.2 Fighting
 - Level 17.6 Short Blades
 - Level 12.0 Staves
 - Level 14.0 Slings
 - Level 15.0 Armour
 - Level 25.3 Dodging
 - Level 21.0 Stealth
   Level 7.2 Shields
 - Level 15.0 Spellcasting
 - Level 8.0 Conjurations
 - Level 12.0 Hexes
 - Level 18.0 Transmutations
 - Level 4.0 Air Magic
 - Level 15.0 Evocations


You had 33 spell levels left.
You knew the following spells:

 Your Spells              Type           Power        Failure   Level  Hunger
A - Ensorcelled Hibernat  Hex/Ice        ######       2%          2    None
B - Confusing Touch       Hex            #######.     1%          3    None
C - Tukima's Dance        Hex            #######.     1%          3    None
D - Silence               Hex/Air        #######...   13%         5    #......
E - Summon Mana Viper     Hex/Summ       ######..     28%         5    #......
F - Irradiate             Conj/Tmut      #######...   2%          5    #......

Your spell library contained the following spells:

 Spells                   Type           Power        Failure   Level  Hunger
 Beastly Appendage        Tmut           ######       1%          1    None
 Corona                   Hex            #######      1%          1    None
 Shock                    Conj/Air       ####         1%          1    None
 Sting                    Tmut/Pois      ####         1%          1    None
 Passwall                 Tmut/Erth      #######.     1%          2    None
 Sticks to Snakes         Tmut           #######.     1%          2    None
 Dazzling Flash           Conj/Hex       ######       1%          3    None
 Spider Form              Tmut/Pois      ######....   1%          3    None
 Cause Fear               Hex            #######...   1%          4    None
 Blade Hands              Tmut           #######...   1%          5    #......
 Yara's Violent Unravell  Hex/Tmut       #######...   1%          5    #......
 Hydra Form               Tmut           #######...   1%          6    ####...
 Foxfire                  Conj/Fire      ####         3%          1    None
 Ignite Poison            Fire/Tmut/Pois #######.     4%          3    None
 Inner Flame              Hex/Fire       #######.     4%          3    None
 Spectral Weapon          Hex/Chrm       ######..     4%          3    None
 Static Discharge         Conj/Air       #######.     4%          3    None
 Summon Guardian Golem    Hex/Summ       ######..     4%          3    None
 Ice Form                 Ice/Tmut       #######.     4%          4    None
 Petrify                  Tmut/Erth      #######.     4%          4    None
 Conjure Flame            Conj/Fire      ######..     8%          3    None
 Mephitic Cloud           Conj/Pois/Air  ######..     8%          3    None
 Dragon Form              Tmut           #######...   8%          7    ######.
 Corpse Rot               Necr/Air       N/A          10%         2    None
 Poisonous Vapours        Pois/Air       ######       10%         2    None
 Swiftness                Chrm/Air       ######..     10%         2    None
 Alistair's Intoxication  Tmut/Pois      ######..     10%         5    #......
 Leda's Liquefaction      Hex/Erth       #######...   12%         4    None
 Animate Skeleton         Necr           N/A          13%         1    None
 Infusion                 Chrm           ####         13%         1    None
 Pain                     Necr           ####         13%         1    None
 Summon Butterflies       Summ           ####....     13%         1    None
 Summon Small Mammal      Summ           ####         13%         1    None
 Darkness                 Hex            #######...   14%         6    ####...
 Invisibility             Hex            #######.     14%         6    ####...
 Call Imp                 Summ           ####....     19%         2    None
 Shroud of Golubria       Chrm/Tloc      ####..       19%         2    None
 Song of Slaying          Chrm           ####....     19%         2    None
 Sublimation of Blood     Necr           ####......   19%         2    None
 Airstrike                Air            ######....   24%         4    None
 Sticky Flame             Conj/Fire      ######..     24%         4    None
 Lightning Bolt           Conj/Air       #######...   28%         5    #......
 Metabolic Englaciation   Hex/Ice        #######...   28%         5    #......
 Call Canine Familiar     Summ           ####....     34%         3    None
 Gell's Gravitas          Tloc           ####......   34%         3    None
 Ozocubu's Armour         Chrm/Ice       #####...     34%         3    None
 Recall                   Summ/Tloc      N/A          34%         3    None
 Eringya's Noxious Bog    Tmut/Pois      ######....   41%         6    ####...
 Statue Form              Tmut/Erth      #######..    41%         6    ####...
 Summon Lightning Spire   Summ/Air       ######..     45%         4    None
 Fireball                 Conj/Fire      ######....   52%         5    #......
 Iskenderun's Battlesphe  Conj/Chrm      ######..     52%         5    #......
 Bolt of Magma            Conj/Fire/Erth #######...   71%         5    #......
 Dispel Undead            Necr           ####....     73%         4    None
 Olgreb's Toxic Radiance  Pois           ####....     73%         4    None
 Summon Ice Beast         Ice/Summ       #####...     73%         4    None
 Conjure Ball Lightning   Conj/Air       #######...   82%         6    ####...
 Agony                    Necr           ####....     96%         5    #......
 Aura of Abjuration       Summ           ####......   96%         5    #......
 Borgnjor's Vile Clutch   Necr/Erth      #####.....   96%         5    #......
 Excruciating Wounds      Chrm/Necr      ####......   96%         5    #......
 Lee's Rapid Deconstruct  Erth           #####.....   96%         5    #......
 Summon Demon             Summ           ####......   96%         5    #......
 Freezing Cloud           Conj/Ice/Air   #######...   97%         6    ####...
 Iron Shot                Conj/Erth      ######....   97%         6    ####...
 Orb of Destruction       Conj           ######....   97%         7    ######.
 Discord                  Hex            #######...   99%         8    #######
 Ozocubu's Refrigeration  Ice            #####.....   100%        6    ####...
 Simulacrum               Ice/Necr       #####.....   100%        6    ####...
 Haunt                    Necr/Summ      ####......   100%        7    ######.
 Spellforged Servitor     Conj/Summ      ######....   100%        7    ######.
 Summon Hydra             Summ           ####......   100%        7    ######.
 Ignition                 Fire           #####.....   100%        8    #######
 Dragon's Call            Summ           ####......   100%        9    #######
 Shatter                  Erth           #####.....   100%        9    #######
 Tornado                  Air            ######....   100%        9    #######
 Passage of Golubria      Tloc           Unusable     N/A         4    N/A

Action                   |  1- 3 |  4- 6 |  7- 9 | 10-12 | 13-15 | 16-18 | 19-21 | 22-24 | 25-27 || total
-------------------------+-------+-------+-------+-------+-------+-------+-------+-------+-------++-------
Melee: Short sword       |   131 |       |       |       |       |       |       |       |       ||   131
       Dagger            |     6 |   241 |   233 |   508 |   935 |   512 |       |       |       ||  2435
       Fustibalus        |       |       |       |       |     3 |       |       |       |       ||     3
       Rapier            |       |       |       |       |       |   230 |  1718 |  1084 |    51 ||  3083
       Kick              |       |       |       |       |       |       |    33 |   422 |   276 ||   731
       Staff             |       |       |       |       |       |       |       |   886 |  1528 ||  2414
       Headbutt          |       |       |       |       |       |       |       |       |   276 ||   276
       Unarmed           |       |       |       |       |       |       |       |       |     3 ||     3
 Fire: Hunting sling     |    10 |    65 |       |       |       |       |       |       |       ||    75
       Fustibalus        |       |    19 |   182 |   440 |   291 |       |       |    23 |    69 ||  1024
Throw: Stone             |    26 |     3 |     2 |     1 |       |    11 |       |     3 |     6 ||    52
       Dart              |       |       |       |    46 |    41 |    54 |    41 |    34 |       ||   216
       Throwing net      |       |       |       |       |       |       |       |     1 |    13 ||    14
 Cast: Ensorcelled Hiber |       |       |    44 |   239 |   415 |   265 |   127 |     9 |       ||  1099
       Confusing Touch   |       |       |     3 |    16 |    44 |     7 |     3 |       |       ||    73
       Tukima's Dance    |       |       |       |    12 |    27 |       |    30 |     1 |    40 ||   110
       Irradiate         |       |       |       |       |       |       |       |       |    94 ||    94
 Abil: Evoke Invisibilit |       |       |       |       |     4 |    22 |    29 |     8 |       ||    63
Evoke: Wand              |       |       |     6 |     8 |    18 |    31 |     1 |    23 |    16 ||   103
       Phantom mirror    |       |       |       |     1 |       |       |       |     1 |     2 ||     4
       Lightning rod     |       |       |       |       |    11 |     7 |     1 |     6 |     6 ||    31
       Tin of tremorston |       |       |       |       |       |       |       |    12 |     3 ||    15
       Phial of floods   |       |       |       |       |       |       |       |       |     3 ||     3
       Box of beasts     |       |       |       |       |       |       |       |       |     2 ||     2
  Use: Scroll            |     1 |    10 |     7 |    15 |     9 |    13 |    10 |    27 |    20 ||   112
       Potion            |       |       |       |     2 |     3 |     9 |     6 |    10 |    32 ||    62
 Stab: Sleeping          |     4 |     8 |    22 |   121 |   253 |   179 |   109 |    50 |     3 ||   749
       Confused          |       |       |     5 |    13 |    49 |    13 |     5 |     5 |     6 ||    96
       Distracted        |       |       |     1 |     2 |     6 |     4 |    14 |     6 |     9 ||    42
       Paralysed         |       |       |     5 |     3 |       |     1 |     1 |     2 |    14 ||    26
       Betrayed ally     |       |       |       |       |     1 |       |       |       |       ||     1
       Invisible         |       |       |       |       |     7 |    68 |    94 |    22 |       ||   191
       Held in net/web   |       |       |       |       |       |    10 |       |     2 |     8 ||    20
       Petrified         |       |       |       |       |       |     2 |       |       |       ||     2
  Eat: Ration            |       |     1 |     4 |     7 |     8 |    11 |    16 |    12 |    14 ||    73
Armor: Robe              |    19 |    27 |    34 |    42 |    45 |    36 |    65 |    13 |       ||   281
       Acid dragon scale |       |       |       |       |       |       |       |    31 |       ||    31
       Pearl dragon scal |       |       |       |       |       |       |       |   252 |   358 ||   610
Dodge: Dodged            |    99 |   139 |   133 |   385 |   617 |   543 |   931 |  1486 |  1580 ||  5913
Block: Other             |     8 |    29 |    16 |    47 |    31 |       |       |       |       ||   131
       Buckler           |       |       |       |       |   299 |   446 |   288 |   194 |       ||  1227
       Reflection        |       |       |       |       |       |    15 |       |       |       ||    15

Skill      XL: |  1  2  3  4  5  6  7  8  9 10 11 12 13 14 15 16 17 18 19 20 21 22 23 24 25 26 27 |
---------------+----------------------------------------------------------------------------------+-----
Stealth        | 1 2 3 4 5 8 10 12 16 18 21 | 21.0
Dodging        | 4 5 6 7 8 12 14 15 18 19 21 22 25 | 25.3
Slings         | 1 2 3 4 8 11 12 13 14 | 14.0
Short Blades   | 4 5 6 8 10 12 13 14 15 17 | 17.6
Hexes          | 1 4 8 10 12 | 12.0
Spellcasting   | 1 4 6 8 12 15 | 15.0
Evocations     | 4 6 8 12 14 15 | 15.0
Fighting       | 4 8 10 12 15 17 | 17.2
Shields        | 7 |  7.2
Air Magic      | 4 |  4.0
Staves         | 8 12 | 12.0
Armour         | 6 8 10 12 15 | 15.0
Transmutations | 1 11 15 17 18 | 18.0
Conjurations   | 7 8 |  8.0

Inventory:

Hand Weapons
 a - the +3 Elemental Staff (weapon) {rElec rF++ rC++ MR++ AC+5}
   (You found it on level 2 of the Depths)

   It affects your AC (+5).
   It greatly protects you from fire.
   It greatly protects you from cold.
   It insulates you from electricity.
   It affects your resistance to hostile enchantments.
 b - a +9 rapier of electrocution
 w - a +4 fustibalus of flaming
Missiles
 i - 480 sling bullets
 k - 1633 stones
 R - 5 curare-tipped darts
 X - 10 throwing nets (quivered) {!f}
Armour
 n - the +2 hat "Zeero" (worn) {god gift, rN+ rCorr Int+4}
   (Xom gifted it to you on level 6 of the Dungeon)

   It affects your intelligence (+4).
   It protects you from negative energy.
   It provides partial protection from all sources of acid and corrosion.
 p - +10 pearl dragon scales (worn)
 v - the +1 cloak of Starlight (worn) {rElec rC+ EV+4 Stlth--}
   (You found it on level 10 of the Dungeon)

   It affects your evasion (+4).
   It protects you from cold.
   It insulates you from electricity.
   It makes you much less stealthy.
Jewellery
 d - the ring "Vyzodwud" {+Inv AC+4}
   (You acquired it on level 9 of the Dungeon)

   [ring of protection]

   It affects your AC (+4).
   It lets you turn invisible.
 f - a +4 ring of slaying (right claw)
 y - an uncursed ring of poison resistance
 z - the amulet "Pyqozustri" (around neck) {Acrobat MR- Str+6 Slay+4}
   (You found it on level 4 of the Shoals)

   [amulet of the acrobat]

   It helps you evade while moving and waiting.
   It affects your strength (+6).
   It affects your accuracy and damage with ranged weapons and melee attacks
   (+4).
   It affects your resistance to hostile enchantments.
 B - an uncursed ring of positive energy
 D - the ring of Meurr {rF+ Stlth+}
   (You found it on level 3 of the Realm of Zot)

   [ring of stealth]

   It protects you from fire.
   It makes you more stealthy.
 F - the amulet of Xonei {god gift, rPois Regen+}
   (Xom gifted it to you on level 1 of the Realm of Zot)

   [amulet of regeneration]

   It protects you from poison.
   It increases your rate of regeneration.
 K - an uncursed ring of flight
 M - a +4 ring of slaying (left claw)
 W - the ring "Irysetuz" {god gift, AC+4 Str+4}
   (Xom gifted it to you on level 5 of the Lair of Beasts)

   [ring of protection]

   It affects your AC (+4).
   It affects your strength (+4).
Wands
 o - a wand of paralysis (21)
 r - a wand of acid (8)
 A - a wand of enslavement (7)
 H - a wand of iceblast (66)
 P - a wand of disintegration (39)
 V - a wand of clouds (4)
 Y - a wand of digging (6)
Scrolls
 g - 17 scrolls of teleportation {@r1}
 j - 25 scrolls of remove curse {@r4}
 l - 4 scrolls of fog
 q - 4 scrolls of magic mapping
 s - 7 scrolls of immolation
 t - 6 scrolls of fear
 x - a scroll of summoning
 I - a scroll of holy word
 S - 8 scrolls of identify {@r3}
Potions
 e - 5 potions of might
 m - 7 potions of curing {@q2}
 C - 7 potions of flight
 G - 6 potions of heal wounds {@q1}
 J - 7 potions of stabbing
 L - 3 potions of berserk rage
 N - 4 potions of brilliance {god gift}
 T - 2 potions of haste {@q4}
Miscellaneous
 u - 2 boxes of beasts
 E - a tin of tremorstones (3/3)
 Q - a phantom mirror
 U - a lightning rod (4/4)
 Z - a phial of floods
Comestibles
 c - 29 rations

###.# #.# ..#.# #.#
#.#.# #.#
#.#.#########.#
#.............#
....#...##...##
....#.#.##...######
....#.#.##...##...#
....#.#.##.>.''.@.#
....#.#.##..)##...#
....#.#.##...####'#
....#.#.###+#####.#
....#.#.##.....##.#
#.#.#.#..+..⌠..##.#
..#.#.#..#.....##.#
###.#.#..#..8..##.#
......#..#.....##.#


There were no monsters in sight!

Vanquished Creatures
  A juggernaut (Depths:5)
  11 orbs of fire (Zot:5)
  4 ancient liches
  10 Killer Klowns
  Bai Suzhen (Crypt:3)
  Saint Roka (Depths:5)
  Xtahua (Crypt:1)
  7 golden dragons
  2 curse toes (Zot:4)
  the Enchantress (Depths:3)
  Nikola (Shoals:1)
  A bone dragon (Crypt:3)
  2 profane servitors (Crypt:3)
  A Tzitzimitl (D:12)
  An iron giant (Zot:2)
  17 tentacled monstrosities
  A hellephant (Depths:3)
  2 electric golems (Zot:5)
  4 liches
  23 Orb Guardians (Zot:5)
  12 quicksilver dragons
  2 deep elf master archers (Elf:3)
  5 titans
  2 deep elf blademasters (Elf:3)
  8 death cobs
  2 sphinxes
  5 shadow dragons
  11 storm dragons
  8 tengu reavers
  A revenant (Crypt:3)
  Kirke (Elf:1)
  4 draconian monks
  Ilsuiw (Shoals:2)
  2 azure jellies
  9 fire giants
  3 deep elf sorcerers
  8 draconian knights
  18 vault wardens
  2 orc warlords
  5 draconian scorchers
  3 ghost moths
  3 iron dragons
  Louise (Spider:1)
  14 frost giants
  5 deep elf elementalists
  13 emperor scorpions
  10 ironheart preservers
  The ghost of Pefaej the Merchant of Misery, a journeyman DsNe of Kikubaaqudgha (D:15)
  4 draconian stormcallers
  16 very ugly things
  6 ghouls
  2 draconian shifters
  8 draconian annihilators
  3 war gargoyles
  A stone giant (shapeshifter) (Vaults:5)
  6 spriggan defenders
  5 green draconians
  A vampire knight (Depths:5)
  24 stone giants
  A lorocyproca (D:3)
  6 entropy weavers
  Azrael (Elf:1)
  7 white draconians
  5 black draconians
  11 deep elf demonologists
  The ghost of Ezendos the Peltast, a journeyman BaAr of Trog (Lair:4)
  7 deep elf annihilators
  A spark wasp (shapeshifter) (Elf:3)
  3 dire elephants
  14 red draconians
  12 eidola
  8 purple draconians
  9 spark wasps
  10 yellow draconians
  8 deep elf death magi
  23 ettins
  9 fire dragons
  A small abomination (Vaults:5)
  7 merfolk impalers
  5 jiangshi
  A crystal guardian (Vaults:2)
  3 merfolk javelineers (Shoals:4)
  A mummy priest (Crypt:3)
  9 great orbs of eyes
  5 deep elf high priests
  17 yaktaur captains
  36 vault guards
  2 merfolk avatars
  8 rakshasas
  6 hydras
  2 catoblepae (Shoals:2)
  6 ice dragons
  The ghost of whitenoisemaker the Reanimator, a journeyman DrFi of Okawaru (D:14)
  8 ogre magi
  3 spriggan air magi
  8 merfolk aquamancers
  22 dancing weapons
  9 centaur warriors
  2 death yaks
  20 two-headed ogres
  5 tengu warriors
  8 death knights
  A queen ant (Depths:5)
  5 vampire magi
  8 death scarabs (Spider:4)
  A hell hog (Depths:2)
  5 deep troll shamans
  A satyr (Shoals:3)
  7 deep troll earth magi
  4 spriggan berserkers
  3 titan zombies
  3 orc high priests
  18 deep elf knights
  19 skeletal warriors
  Sonja (Lair:4)
  2 titan skeletons
  2 iron trolls (Depths:1)
  The ghost of jlcercos the Cruncher, a novice DsBe of Trog (Lair:2)
  16 sea snakes
  2 golden dragon zombies
  2 shadow wraiths
  11 deep trolls
  An unseen horror (shapeshifter) (Vaults:3)
  4 hell knights
  2 glowing orange brains
  2 anaconda zombies (Crypt:3)
  3 spectral wolf spiders
  6 unseen horrors
  An obsidian statue (Zot:5)
  10 flayed ghosts
  12 deep elf archers
  3 wizards
  3 wolf spider zombies
  19 phantasmal warriors
  17 orb spiders
  12 harpies
  10 orc knights
  A harpy (shapeshifter) (Vaults:4)
  2 oklob plants
  38 wolf spiders
  46 ugly things
  An orb spider (shapeshifter) (Vaults:2)
  5 orc sorcerers
  4 necromancers
  40 deep elf magi
  7 fauns
  17 ironbrand convokers
  14 cyclopes
  2 stone giant zombies
  2 fire giant zombies (Crypt:3)
  18 manticores
  A salamander (shapeshifter) (Depths:4)
  A shadow dragon skeleton (Vaults:4)
  A dire elephant zombie (Crypt:3)
  A moth of wrath (shapeshifter) (Vaults:5)
  18 vault sentinels
  25 moths of wrath
  9 merfolk sirens
  3 centaur zombies
  A guardian serpent (D:9)
  A torpor snail (Spider:1)
  4 black mambas
  3 water nymphs
  20 spiny frogs
  4 gargoyles
  2 molten gargoyles (Lair:4)
  A hellion (D:14)
  A yaktaur zombie (Vaults:4)
  A rime drake (Spider:1)
  3 efreet
  A kobold demonologist (D:11)
  5 komodo dragons
  A spectral redback (Spider:4)
  A komodo dragon (shapeshifter) (Vaults:2)
  A yaktaur skeleton (Depths:1)
  2 redback zombies (Spider:4)
  8 demonic crawlers
  13 freezing wraiths
  45 yaktaurs
  A black draconian skeleton (Crypt:2)
  2 guardian mummies (Crypt:3)
  A troll (shapeshifter) (Vaults:3)
  A meliai (shapeshifter) (Depths:5)
  39 jumping spiders
  6 wind drakes
  A human skeleton (Vaults:4)
  8 trolls
  16 hornets
  2 tengu conjurers
  21 merfolk
  A merfolk (shapeshifter) (Vaults:5)
  2 spectral jumping spiders (Spider:4)
  2 hydra zombies (Crypt:3)
  A jumping spider (shapeshifter) (Elf:1)
  2 jumping spider zombies (Spider:4)
  3 spectral tarantellas (Spider:4)
  4 tyrant leeches
  5 slime creatures
  A hippogriff (shapeshifter) (Elf:3)
  11 snapping turtles
  24 dream sheep
  A deep troll zombie (Depths:1)
  25 blink frogs
  A fire dragon zombie (Crypt:3)
  3 tarantella zombies (Spider:4)
  3 air elementals
  An ice dragon zombie (Crypt:3)
  10 hippogriffs
  A fire dragon skeleton (Crypt:2)
  A vampire (D:13)
  54 yaks
  4 shadows
  38 tarantellas
  A spriggan (shapeshifter) (Vaults:1)
  10 wraiths
  80 redbacks
  A shapeshifter (Shoals:4)
  11 water elementals
  4 spriggans (Depths:3)
  4 wyverns
  A fire bat (shapeshifter) (Spider:2)
  A human (D:7)
  An ettin skeleton (Depths:1)
  3 basilisks
  4 hogs (D:7)
  8 vampire mosquitoes
  4 hungry ghosts
  A hog (shapeshifter) (D:15)
  A catoblepas simulacrum (Lair:2)
  A yaktaur simulacrum (Vaults:3)
  2 human simulacra
  4 wargs
  A faun zombie (Crypt:2)
  11 water moccasins
  4 floating eyes (Depths:5)
  6 acid dragons
  6 porcupines
  7 hell hounds
  4 slaves
  2 eyes of draining (shapeshifter)
  A hornet zombie (D:14)
  2 eyes of draining
  32 orc warriors
  3 black bears
  6 sky beasts
  An ettin simulacrum (Vaults:2)
  14 necrophages
  3 ice beasts
  26 ogres
  7 phantoms
  2 wolves (Lair:1)
  11 boggarts
  8 centaurs
  An elf skeleton (Vaults:4)
  12 crocodiles
  A big kobold (D:10)
  2 elf zombies (Crypt:3)
  31 bullfrogs
  A wyvern zombie (Crypt:1)
  2 gnoll sergeants
  2 spiny frog simulacra (Lair:2)
  A water moccasin zombie (D:12)
  8 wyvern skeletons
  6 scorpions
  A warg zombie (Crypt:2)
  2 troll zombies (D:9)
  A troll skeleton (Crypt:2)
  3 electric eels
  15 wights
  A dream sheep simulacrum (Lair:2)
  4 howler monkeys
  11 crimson imps
  5 lava snakes (Lair:4)
  A quasit (D:13)
  A bullfrog zombie (D:6)
  A human zombie (Crypt:3)
  9 hounds
  6 jellies
  A komodo dragon simulacrum (Lair:2)
  28 orc priests
  8 centaur skeletons
  41 orc wizards
  Ijyb (D:5)
  2 bullfrog skeletons
  Natasha (thrice) (D:4)
  4 iguanas
  8 worker ants
  An acid dragon zombie (Crypt:1)
  6 ogre zombies (D:9)
  2 hound skeletons
  2 worker ant zombies
  A mummy (Crypt:3)
  Robin (D:2)
  13 gnolls
  12 adders
  A swamp drake skeleton (Crypt:2)
  4 shadow imps
  2 white imps
  8 oozes (Lair:3)
  An adder zombie (D:5)
  6 worms
  A barachi skeleton (Crypt:2)
  A dart slug (D:2)
  12 leopard geckos
  82 orcs
  7 ball pythons
  14 giant cockroaches
  17 goblins
  4 hobgoblins
  14 jackals
  12 kobolds
  6 quokkas
  5 bats
  11 frilled lizards
  7 goblin zombies
  A hobgoblin skeleton (D:9)
  6 hobgoblin zombies
  2 kobold zombies (D:8)
  A leopard gecko skeleton (D:4)
  2 orc skeletons (D:9)
  13 orc zombies
  11 rats
  A crawling corpse (Vaults:5)
2358 creatures vanquished.

Vanquished Creatures (collateral kills)
  Rupert (Lair:4)
  2 titans
  2 Orb Guardians (Zot:5)
  A tengu reaver (Vaults:5)
  A draconian scorcher (Zot:5)
  2 vault wardens
  2 frost giants
  2 very ugly things
  2 stone giants (Vaults:5)
  A deep elf demonologist (Vaults:5)
  A black draconian (Zot:5)
  2 red draconians
  3 two-headed ogres
  A merfolk aquamancer (Shoals:2)
  A satyr (Shoals:2)
  An orc high priest (Orc:2)
  A storm dragon skeleton (Vaults:5)
  3 sea snakes
  A deep troll (Vaults:5)
  Pikel (D:7)
  2 ironbrand convokers
  An orc knight (Orc:2)
  2 necromancers
  An ugly thing (Depths:3)
  An orc sorcerer (Orc:2)
  A deep elf mage (Vaults:1)
  3 harpies
  A salamander (D:15)
  An orb spider (Spider:4)
  A vault sentinel (Vaults:4)
  3 spiny frogs (Lair:6)
  A gargoyle (D:15)
  2 yaktaurs
  A human skeleton (Vaults:4)
  A merfolk (Shoals:2)
  2 jumping spiders (Spider:1)
  2 blink frogs (Lair:6)
  2 dream sheep (Lair:6)
  A snapping turtle (Shoals:2)
  A hippogriff (Lair:4)
  2 yaks (Lair:6)
  A yaktaur simulacrum (Vaults:5)
  2 orc warriors
  A human zombie (Vaults:5)
  A necrophage (D:6)
  2 wolves (Lair:1)
  A gnoll sergeant (D:10)
  3 wights
  A quasit (D:13)
  A human simulacrum (Vaults:1)
  A gnoll (D:10)
  6 orcs
  A jackal (D:8)
84 creatures vanquished.

Vanquished Creatures (others)
  A golden dragon (Zot:1)
  A draconian knight (Zot:3)
  A draconian shifter (Zot:2)
  An eidolon (Crypt:2)
  A merfolk javelineer (Shoals:4)
  A sea snake (Shoals:4)
  An ironbrand convoker (Vaults:1)
  A centaur skeleton (D:13)
  4 yaktaurs
  25 dancing weapons
  An air elemental (Elf:2)
  A water elemental (Shoals:2)
  5 humans (Elf:1)
  A wolf (shapeshifter) (Elf:2)
  2 orc wizards
  3 orcs
  A goblin (D:1)
  2 bushes (Lair:5)
  17 fungi
  74 plants
  A withered plant (Crypt:3)
145 creatures vanquished.

Grand Total: 2587 creatures vanquished

Levels and vault maps discovered:
D:1:      dpeg_arrival_simpleton_b, layout_basic, bh_walls_and_bars
D:2:      layout_loops_ring, first_ration, uniq_robin
D:3:      layout_loops_cross, lemuel_doored_altar,
          chequers_temple_overflow_statue_of_worship, minmay_strange_pillars
D:4:      layout_loops_corners, zin_statuary, serial_shops, nicolae_shop_trees,
          portal_sewer_entry_c, uniq_natasha
D:5:      layout_basic, grunt_temple_overflow_opulence, temple_pool_b,
          doesnt_xom_only_xom, uniq_ijyb
D:6:      minmay_razor_zed, layout_basic, kiku_gazebo_pond_becter,
          item_on_display_a
D:7:      layout_rooms, serial_shops, shop, grunt_livestock, uniq_pikel
D:8:      layout_rooms, kennysheep_little_box, nicolae_tso_besieged_by_evil
D:9:      layout_irregular_city, lemuel_crystal_altar, zombieorc2_lemuel,
          serial_shops, shop, shop, nicolae_shop_statue_plus, shop
D:10:     layout_small_grid
D:11:     layout_roguey, erik_lair_dragon, lemuel_tele_altar
D:12:     layout_big_octagon
D:13:     layout_basic, lightli_vaults_fourway_checkpoint,
          grunt_dithmenos_smoke_and_mirrors
D:14:     layout_roguey, grunt_decor_mini_mirrors, serial_shops,
          nicolae_shop_stone, ebering_ghost_reflecting_pool
D:15:     hangedman_depths_entry_try_elsewhere_first, layout_loops_cross,
          serial_co_window_serial, co_window_paths_b, co_window_paths_b,
          co_window_corner_a, co_window_of_opportunity_a, co_window_corner_a,
          co_window_2corner, co_window_2corner, co_window_cross_2,
          glass_columns_c, glass_columns_a, glass_columns_b, glass_columns_c,
          glass_columns_c, gammafunk_ghost_split, skrybe_limestone_x
Lair:1:   layout_regular_city
Lair:2:   layout_chaotic_city, minmay_shoals_entry_beasts,
          gammafunk_ghost_necromancy, fungi_pond_lemuel, lemuel_oklob_altar
Lair:3:   lemuel_slime, layout_regular_city, spider_nest_entry_rubble,
          basic_altar, patterned_corridor
Lair:4:   cheibrodos_magma_flow, layout_regular_city,
          hellmonk_ghost_happy_afterlife, uniq_rupert, uniq_sonja
Lair:5:   layout_loops_ring, serial_forest, infiniplex_forest_lined_room_2,
          infiniplex_forest_lined_3, infiniplex_forest_fountain,
          infiniplex_forest_clump_small, infiniplex_forest_clump_cross,
          infiniplex_forest_lined_2, infiniplex_forest_end_1,
          infiniplex_forest_end_2, infiniplex_forest_pool
Lair:6:   minmay_lair_end_frog_pond, layout_long_grid, slime_altar_1
Shoals:1: layout_shoals, uniq_nikola
Shoals:2: nzn_motion_control, layout_shoals, nicolae_shoals_aquamancer_cove,
          uniq_ilsuiw
Shoals:3: layout_shoals, serial_shops, shop
Shoals:4: shoals_end_simple, layout_shoals, serial_shops, freezing_bzr
Spider:1: layout_spider_delve, uniq_louise
Spider:2: layout_spider_delve, drop_trap, guppyfry_spider_mini_2
Spider:3: layout_spider_delve
Spider:4: floodkiller_spider_rune_tomb
Orc:1:    layout_caves
Orc:2:    grunt_orc_tribal_feast, layout_diamond_mine, mines2_david, uniq_nessos
Elf:1:    layout_geoelf_octagon, minmay_elf_demonology, uniq_azrael, uniq_kirke
Elf:2:    layout_onion_city, serial_shops, shop, kb_rosetta
Elf:3:    elf_hall_gauntlet_wide, layout_geoelf_castle, serial_shops, shop,
          gammafunk_ghost_cemetery
Vaults:1: v_pattern_3, nicolae_vaults_mini_display_case, v_rooms_1,
          vaults_dpeg_encased_lava, layout_vaults_omnigrid, serial_shops, shop,
          shop
Vaults:2: vaults_room_corners, blue_anna_dwarven_crypt,
          nicolae_vaults_ring_of_whatevers, v_misc_8,
          nicolae_vaults_big_angled_halls, serial_ice_m, ontoclasm_vaults_pinch,
          dpeg_vaults_pockets_of_resistance, v_misc_32, v_misc_25, v_misc_5,
          nicolae_vaults_gold_heap, nicolae_vaults_alarming,
          nicolae_vaults_circle_grid_b, layout_vaults_ring
Vaults:3: v_pattern_5, vaults_room_corners, ontoclasm_vaults_ring_square,
          st_lattice, v_misc_25, nicolae_vaults_little_squares_6,
          hangedman_vaults_capsules, nicolae_vaults_network_square,
          grunt_vaults_bifocal, v_misc_2, hangedman_vaults_stitches,
          nicolae_vaults_shelves_hall, layout_vaults_maze_bifur
Vaults:4: nicolae_vaults_network_quincunx
          [nicolae_vaults_network_quincunx_subvault,
          nicolae_vaults_network_quincunx_subvault,
          nicolae_vaults_network_quincunx_subvault,
          nicolae_vaults_network_quincunx_subvault,
          nicolae_vaults_network_quincunx_subvault], st_octagons_2,
          hangedman_vaults_nodes, v_alt_pattern_6, v_misc_8,
          vaults_room_hallway, nicolae_vaults_yaktaur_gun_rack,
          vaults_room_door_ring, layout_vaults_chaotic_city, serial_shops,
          bzr_entry_lakeside
Vaults:5
Crypt:1:  layout_rooms, gammafunk_ghost_arena, roderic_lattice_octagonal_star,
          uniq_aizul, uniq_frederick, uniq_mennas, uniq_xtahua
Crypt:2:  layout_rooms
Crypt:3:  evilmike_haunted_forest, uniq_bai_suzhen
Depths:1: layout_long_grid, hangedman_decor_growths, serial_shops,
          nicolae_shop_overgrown_old_shop, hell_entry,
          chequers_serial_rivers_small_3, drop_trap, minivault_16,
          kennysheep_dice
Depths:2: minmay_connected_triangles_in_corner, layout_small_grid,
          grunt_hell_horde, hangedman_decor_push, firewood_loft,
          minmay_shop_grove
Depths:3: hourglass_vault, layout_gridville, enter_ziggurat_f,
          abyss_entry_flame_altar, gammafunk_ghost_split, hell_entry,
          columned_hall_lemuel, pan_entry, uniq_enchantress
Depths:4: kennysheep_blocky_room, layout_gridville,
          abyss_entry_small_statue_room, hell_entry,
          hangedman_abyss_or_decor_stabs, infiniplex_staircase_zigzag_4,
          minmay_shoptagon
Depths:5: hangedman_spin_cycle, abyss_entry, hell_entry, pan_entry,
          uniq_saint_roka
Zot:1:    ebering_klown_carousel, layout_misc_corridors
Zot:2:    layout_onion_interference, grunt_megastairs_5
Zot:3:    gammafunk_its_a_trap, layout_basic
Zot:4:    minmay_elemental_castle, layout_misc_corridors, lemuel_golem_globe
Zot:5:    layout_twisted_circle, ebering_ghost_disaster_area


Message History

You kill the lorocyproca!
Casting: Irradiate (mildly dangerous; 2% risk of failure)
Confirm with . or Enter, or press ? or * to list all spells.
You don't know that spell.
(D) Dungeon (T) Temple (L) Lair (A) Shoals (N) Spider Nest (M) Slime Pits (O) Orcish Mines (E) Elven Halls (V) Vaults (C) Crypt (W) Tomb (U) Depths (H) Hell (Z) Zot
Where to? (Enter - D:1 @ (x,y), ? - help)
There is a stone staircase leading up here.
You climb upwards.
There is a stone staircase leading down here.
HP restored.
There is a stone staircase leading up here.
You climb upwards.
There is a stone staircase leading down, spattered with blood here.
There is a large open door here.
There is a large open door here.
There is a staircase leading out of the dungeon here.
You have escaped!

Notes
Turn   | Place    | Note
-------+----------+-------------------------------------------
     0 | D:1      | bmfx the Spriggan Chaos Knight began the quest for the Orb.
     0 | D:1      | Reached XP level 1. HP: 11/11 MP: 2/2
    27 | D:1      | XOM: divination: detect creatures
   114 | D:1      | Reached skill level 1 in Stealth
   192 | D:1      | XOM: silly message
   437 | D:1      | Reached XP level 2. HP: 14/16 MP: 3/3
   533 | D:1      | Reached skill level 4 in Dodging
   557 | D:1      | XOM: silly message
   559 | D:1      | XOM: divination: detect creatures
   599 | D:1      | XOM: silly message
   602 | D:1      | XOM: silly message
   633 | D:1      | XOM: silly message
   829 | D:2      | Noticed Robin
   832 | D:2      | XOM: divination: detect creatures
   970 | D:2      | XOM: silly message
  1026 | D:2      | XOM: give mutations
  1026 | D:2      | Gained mutation: You occasionally shout uncontrollably at
                  | your foes. [Xom's mischief]
  1026 | D:2      | Gained mutation: You are partially covered in large bone
                  | plates. (SH +4) [Xom's mischief]
  1026 | D:2      | Gained mutation: You are dopey. (Int -2) [Xom's mischief]
  1071 | D:2      | XOM: divination: detect items
  1185 | D:2      | Reached XP level 3. HP: 17/19 MP: 4/4
  1485 | D:2      | XOM: divination: detect items
  1703 | D:2      | XOM: smoke on damage
  1744 | D:1      | XOM: silly message
  1839 | D:1      | XOM: give mutations
  1839 | D:1      | Gained mutation: Your body sometimes deteriorates upon
                  | taking damage. [Xom's mischief]
  1839 | D:1      | Lost mutation: You are dopey. (Int -2) [Xom's mischief]
  1839 | D:1      | Gained mutation: You are frail. (-10% HP) [Xom's mischief]
  2005 | D:2      | Reached skill level 1 in Slings
  2164 | D:2      | Killed Robin
  2164 | D:2      | Reached XP level 4. HP: 20/20 MP: 5/5
  2377 | D:2      | XOM: enchant monster (good)
  2545 | D:3      | You fall into a shaft and drop 3 floors!
  2554 | D:6      | Reached skill level 5 in Dodging
  2577 | D:6      | Reached XP level 5. HP: 21/24 MP: 6/6
  2677 | D:6      | XOM: 1-stop teleportation journey
  2722 | D:6      | Found an ancient bone altar of Kikubaaqudgha.
  2775 | D:6      | XOM: god gift: faintly glowing hat {god gift}
  2776 | D:6      | Got a faintly glowing hat {god gift}
  2782 | D:6      | Identified the +2 hat "Zeero" {god gift, rN+ rCorr Int+4}
                  | (Xom gifted it to you on level 6 of the Dungeon)
  2828 | D:6      | XOM: 3-stop teleportation journey
  2877 | D:6      | XOM: potion effect (stabbing)
  2979 | D:5      | Entered Level 5 of the Dungeon
  2995 | D:5      | XOM: god gift: ration {god gift}
  3024 | D:4      | Found a glowing silver altar of Zin.
  3060 | D:4      | Reached XP level 6. HP: 28/28 MP: 7/7
  3081 | D:4      | Got a polished hand axe
  3114 | D:4      | XOM: 1-stop teleportation journey
  3118 | D:4      | Found a glowing drain.
  3171 | Sewer    | Entered a sewer
  3186 | Sewer    | XOM: noise
  3260 | Sewer    | XOM: give mutations
  3260 | Sewer    | Gained mutation: You can translocate small distances at
                  | will. [Xom's grace]
  3260 | Sewer    | Gained mutation: You expend magic power (3 MP) to
                  | strengthen your wands. [Xom's grace]
  3260 | Sewer    | Gained mutation: You passively map a small area around you.
                  | [Xom's grace]
  3260 | Sewer    | Gained mutation: You are covered in fur. (AC +1) [Xom's
                  | grace]
  3454 | Sewer    | XOM: scenery: create altars
  3459 | Sewer    | Reached skill level 5 in Stealth
  3486 | Sewer    | Reached skill level 5 in Short Blades
  3486 | Sewer    | Reached skill level 6 in Dodging
  3565 | D:4      | Learned a level 2 spell: Ensorcelled Hibernation
  3837 | D:4      | XOM: god gift: glowing dagger {god gift}
  3939 | D:4      | XOM is BORED!
  4077 | D:3      | Found a stormy altar of Qazlal.
  4077 | D:3      | Found a radiant altar of Vehumet.
  4330 | D:3      | XOM: 3-stop teleportation journey
  4422 | D:3      | Found a shimmering altar of Xom.
  4513 | D:3      | Reached skill level 1 in Hexes
  4616 | D:3      | Learned a level 3 spell: Confusing Touch
  5161 | D:3      | XOM: potion effect (might)
  5172 | D:3      | Reached skill level 1 in Spellcasting
  5172 | D:3      | Reached XP level 7. HP: 31/31 MP: 8/10
  5306 | D:4      | XOM: divination: detect items
  5317 | D:4      | Noticed Natasha
  5444 | D:5      | Found a staircase to the Ecumenical Temple.
  5445 | D:5      | Noticed Ijyb
  6083 | D:5      | XOM: silly message
  6133 | D:5      | XOM is BORED!
  6133 | D:5      | XOM: silly message
  6195 | D:5      | Found a basalt altar of Yredelemnul.
  6207 | D:5      | Found a shattered altar of Ashenzari.
  6207 | D:5      | Found a blossoming altar of Fedhas.
  6209 | D:5      | Found a hazy altar of Hepliaklqana.
  6209 | D:5      | Found a shimmering altar of Xom.
  6209 | D:5      | Found a glowing silver altar of Zin.
  6273 | D:5      | XOM: chaos cloud
  6283 | D:5      | Reached skill level 7 in Dodging
  6401 | D:5      | XOM: summons 4 hostile demons
  6402 | D:5      | Noticed a soul eater
  6658 | D:6      | XOM: summons 2 hostile shadow creatures
  6843 | D:6      | XOM: chaos cloud
  6990 | D:6      | Reached XP level 8. HP: 35/35 MP: 11/15
  7685 | D:5      | XOM: potion effect (brilliance)
  7783 | D:6      | XOM: noise
  7829 | D:6      | Reached skill level 5 in Spellcasting
  7829 | D:6      | Reached skill level 5 in Hexes
  7876 | D:7      | XOM: silly message
  8066 | D:6      | XOM: cast spell 'Olgreb's Toxic Radiance'
  8103 | D:6      | XOM: divination: detect creatures
  8152 | D:7      | Noticed a red ugly thing
  8190 | D:7      | Found Movobb's Gadget Shop.
  8202 | D:7      | Bought a wand of paralysis (10) for 168 gold pieces
  8241 | D:7      | Noticed Pikel
  8268 | D:7      | XOM: silly message
  8276 | D:7      | XOM: draining
  8282 | D:7      | XOM: summons 1 hostile demon
  8369 | D:7      | XOM: cast spell 'Summon Ice Beast'
  8375 | D:7      | Killed Pikel
  8375 | D:7      | Reached skill level 8 in Dodging
  8612 | D:7      | XOM: noise
  8620 | D:7      | XOM: divination: detect items
  8637 | D:7      | Reached skill level 1 in Evocations
  8655 | D:7      | XOM: noise
  8671 | D:7      | Killed a red ugly thing
  8671 | D:7      | Reached XP level 9. HP: 38/38 MP: 4/19
  8967 | D:4      | Reached skill level 5 in Evocations
  9043 | D:4      | Killed Natasha
  9124 | D:4      | Found Vicizimm's Magic Scroll Boutique.
  9128 | D:4      | Bought a scroll of enchant armour for 97 gold pieces
  9128 | D:4      | Bought a scroll of magic mapping for 45 gold pieces
  9128 | D:4      | Bought a scroll of identify for 26 gold pieces
  9442 | D:4      | Found Vicizimm's Magic Scroll Boutique.
  9582 | D:4      | XOM: noise
  9588 | D:4      | Found a glowing silver altar of Zin.
  9627 | D:4      | XOM: cloud trail
 10011 | D:4      | Noticed Natasha
 10026 | D:4      | Killed Natasha
 10268 | D:4      | Noticed Natasha
 10271 | D:4      | Found Vicizimm's Magic Scroll Boutique.
 10281 | D:4      | Killed Natasha
 10868 | D:5      | Killed Ijyb
 10897 | D:5      | XOM is BORED!
 10922 | D:5      | Found a sparkling altar of Nemelex Xobeh.
 10923 | D:5      | Found an opulent altar of Gozag.
 10970 | D:5      | XOM: stat loss: -1 Dex (15/16)
 11112 | D:6      | XOM: divination: magic mapping
 11222 | D:6      | XOM: give mutations
 11222 | D:6      | Gained mutation: Your movements are slightly less
                  | encumbered by armour. (ER -2) [Xom's grace]
 11222 | D:6      | Gained mutation: You are partially covered in icy blue
                  | scales. (AC +2) [Xom's grace]
 11261 | D:6      | XOM: summons 2 friendly demons
 11435 | D:6      | XOM: god gift: dark potion {god gift}
 11504 | D:6      | Reached skill level 5 in Slings
 11536 | D:6      | XOM: divination: magic mapping
 11551 | D:6      | XOM: scenery: 1 doors open, 1 doors close
 11740 | D:6      | Identified the +9 hand axe "Ypsesat" {flame, *Drain rElec
                  | MR+ Int+4} (You found it on level 4 of the Dungeon)
 11799 | D:8      | XOM: confuse monster(s)
 11856 | D:8      | XOM: give mutations
 11856 | D:8      | Lost mutation: You can translocate small distances at will.
                  | [Xom's mischief]
 11856 | D:8      | Lost mutation: You occasionally shout uncontrollably at
                  | your foes. [Xom's mischief]
 11856 | D:8      | Lost mutation: You passively map a small area around you.
                  | [Xom's mischief]
 11872 | D:8      | XOM: cleaving
 11879 | D:7      | XOM: enchant monster (good)
 12039 | D:8      | Reached XP level 10. HP: 42/42 MP: 20/20
 12042 | D:8      | XOM: cast spell 'Summon Small Mammal'
 12066 | D:8      | XOM: summons 4 friendly demons
 12088 | D:8      | XOM: 4-stop teleportation journey
 12194 | D:8      | XOM: 5-stop teleportation journey
 12202 | D:8      | Found a glowing golden altar of the Shining One.
 12306 | D:8      | XOM: enchant monster (bad)
 12315 | D:7      | XOM: give mutation
 12315 | D:7      | Lost mutation: Your body sometimes deteriorates upon taking
                  | damage. [Xom's mischief]
 12316 | D:7      | Learned a level 3 spell: Tukima's Dance
 12460 | D:8      | XOM: polymorph gnoll -> hound
 12491 | D:8      | XOM: blink monster(s)
 12578 | D:8      | XOM: repel stairs
 12614 | D:8      | XOM: cloud trail
 12830 | D:8      | XOM: cast spell 'Summon Butterflies'
 13101 | D:8      | Found a shimmering blue altar of Sif Muna.
 13145 | D:8      | XOM: potion effect (might)
 13474 | D:9      | Found Tymats's Book Boutique.
 13485 | D:9      | XOM: divination: detect creatures
 13652 | D:9      | Found a staircase to the Orcish Mines.
 13732 | D:9      | XOM: divination: detect creatures
 13969 | D:9      | XOM: butterfly on damage
 13973 | D:9      | Reached skill level 9 in Dodging
 14422 | D:9      | XOM is BORED!
 14451 | D:9      | XOM: noise
 14454 | D:9      | Found a sacrificial altar of Ru.
 14480 | D:9      | Found Dutafev's Jewellery Shoppe.
 14587 | D:9      | Found Bufy's Magic Scroll Emporium.
 14754 | D:9      | XOM: god gift: long sword {god gift}
 14823 | D:9      | Reached skill level 10 in Dodging
 14831 | D:9      | XOM: enchant monster (bad)
 14849 | D:9      | XOM: cast spell 'Summon Mana Viper'
 14874 | D:9      | Reached skill level 11 in Dodging
 14875 | D:9      | Noticed a guardian serpent
 14875 | D:9      | a yak changed into a guardian serpent
 14875 | D:9      | XOM: polymorph yak -> guardian serpent
 14891 | D:9      | Killed a guardian serpent
 14907 | D:9      | XOM: summons 1 hostile shadow creature
 15066 | D:9      | Found Palufagg's Gadget Emporium.
 15348 | D:7      | Reached skill level 12 in Dodging
 15546 | D:10     | Entered Level 10 of the Dungeon
 15872 | D:10     | Reached XP level 11. HP: 45/45 MP: 22/22
 16120 | D:10     | XOM: give mutations
 16120 | D:10     | Lost mutation: You are frail. (-10% HP) [Xom's mischief]
 16120 | D:10     | Gained mutation: Your body sometimes deteriorates upon
                  | taking damage. [Xom's mischief]
 16154 | D:10     | XOM: silly message
 16354 | D:10     | XOM: chaos cloud
 16368 | D:10     | XOM: stat loss: -1 Str (7/8)
 16581 | D:10     | XOM: noise
 16662 | D:10     | XOM: silly message
 16693 | D:10     | Found the +1 cloak of Starlight {rElec rC+ EV+4 Stlth--}
 16694 | D:10     | XOM: noise
 16706 | D:9      | XOM: noise
 16759 | D:9      | XOM: stat loss: -1 Dex (15/16)
 16807 | D:10     | XOM: divination: detect creatures
 16975 | D:10     | XOM: give mutations
 16975 | D:10     | Lost mutation: You are covered in fur. (AC +1) [Xom's
                  | mischief]
 16975 | D:10     | Gained mutation: Your body often deteriorates upon taking
                  | damage. [Xom's mischief]
 17019 | D:10     | Noticed a two-headed ogre
 17027 | D:10     | XOM: torment (30/51 hp)
 17046 | D:10     | XOM: 2-stop teleportation journey
 17204 | D:10     | XOM: stat loss: -1 Dex (14/16)
 17235 | D:10     | XOM: summons 3 friendly demons
 17251 | D:10     | XOM: summons 6 hostile demons
 17282 | D:10     | Killed a two-headed ogre
 17419 | D:10     | XOM: summons 2 friendly demons
 17439 | D:9      | XOM: polymorph yak -> wind drake
 17446 | D:9      | Reached skill level 10 in Hexes
 18142 | D:11     | XOM: give mutation
 18142 | D:11     | Gained mutation: You passively map a small area around you.
                  | [Xom's grace]
 18192 | D:11     | XOM: god gift: 24 stones {god gift}
 18207 | D:11     | Noticed an unseen horror
 18211 | D:11     | XOM: smoke on damage
 18214 | D:11     | XOM: enchant monster (good)
 18219 | D:11     | Killed an unseen horror
 18231 | D:11     | XOM: god gift: glowing spear {god gift}
 18286 | D:11     | XOM: scenery: create altars
 18351 | D:11     | Noticed a two-headed ogre
 18366 | D:11     | XOM: confusion (+ monsters)
 18381 | D:11     | Killed a two-headed ogre
 18381 | D:11     | Reached skill level 10 in Slings
 18506 | D:11     | XOM: blink monster(s)
 18819 | D:11     | XOM: scenery: create altars
 18967 | D:11     | XOM: butterfly on damage
 19053 | D:10     | XOM: give mutations
 19053 | D:10     | Gained mutation: You have a pair of small antennae on your
                  | head. [Xom's mischief]
 19053 | D:10     | Gained mutation: You occasionally shout uncontrollably at
                  | your foes. [Xom's mischief]
 19171 | D:10     | XOM: give mutations
 19171 | D:10     | Gained mutation: You are robust. (+10% HP) [Xom's grace]
 19171 | D:10     | Gained mutation: You evolve. [Xom's grace]
 19171 | D:10     | Gained mutation: You passively map the area around you.
                  | [Xom's grace]
 19262 | D:11     | Found a shadowy altar of Dithmenos.
 19588 | D:11     | XOM: silly message
 19633 | D:11     | XOM: scenery: create altars
 19736 | D:11     | Found a staircase to the Lair.
 19806 | Lair:1   | Entered Level 1 of the Lair of Beasts
 19846 | Lair:1   | XOM: polymorph spiny frog -> wind drake
 19847 | Lair:1   | XOM: blink monster(s)
 19935 | Lair:1   | XOM: smoke on damage
 19936 | Lair:1   | XOM: 2-stop teleportation journey
 20200 | Lair:1   | Noticed a five-headed hydra
 20225 | Lair:1   | XOM: scenery: create altars
 20271 | Lair:1   | XOM: summons friendly quasit
 20284 | Lair:1   | Reached XP level 12. HP: 58/63 MP: 20/25
 20292 | Lair:1   | XOM: enchant monster (good)
 20494 | Lair:1   | Noticed an eight-headed hydra
 20567 | Lair:1   | Noticed a four-headed hydra
 20669 | Lair:1   | XOM: potion effect (stabbing)
 20953 | Lair:1   | XOM: silly message
 21077 | Lair:2   | XOM: god gift: fuming white potion {god gift}
 21102 | Lair:2   | Noticed a six-headed hydra
 21169 | Lair:2   | Found a staircase to the Shoals.
 21172 | Lair:1   | XOM: cast spell 'Ring of Flames'
 21386 | Lair:2   | XOM: cleaving
 21407 | Lair:2   | XOM: confuse monster(s)
 21494 | Lair:2   | Found a runed translucent gate.
 21494 | Lair:2   | Found a runed translucent gate.
 21494 | Lair:2   | Found a runed translucent gate.
 21496 | Lair:2   | Noticed jlcercos's ghost (novice DsBe)
 21595 | Lair:2   | XOM: 3-stop teleportation journey
 21822 | Lair:2   | XOM: give mutation
 21822 | Lair:2   | Gained mutation: You are resistant to hostile enchantments.
                  | (MR+) [Xom's grace]
 21831 | Lair:2   | Lost mutation: You evolve. [end of evolution]
 21833 | Lair:2   | Identified Xom's Catalogue of Servitude {god gift} (Xom
                  | gifted it to you on level 2 of the Lair of Beasts)
 21833 | Lair:2   | XOM: god gift: Xom's Catalogue of Servitude {god gift}
 21856 | Lair:2   | Reached skill level 10 in Stealth
 21859 | Lair:2   | XOM: scenery: create altars
 21936 | Lair:2   | XOM is BORED!
 21972 | Lair:2   | Found a sparkling altar of Nemelex Xobeh.
 22099 | Lair:3   | XOM: cloud trail
 22110 | Lair:3   | XOM: god gift: scroll of random uselessness {god gift}
 22439 | Lair:3   | Found a shattered altar of Ashenzari.
 22712 | Lair:3   | Found a hole to the Spider Nest.
 22974 | Lair:4   | Reached skill level 10 in Short Blades
 23091 | Lair:4   | XOM: enchant monster (good)
 23105 | Lair:4   | XOM: fog
 23164 | Lair:4   | XOM: cloud trail
 23331 | Lair:4   | XOM: god gift: phantom mirror {god gift}
 23361 | Lair:4   | Noticed Sonja
 23367 | Lair:4   | Killed Sonja
 23536 | Lair:4   | XOM: enchant monster (bad)
 23544 | Lair:4   | Noticed Rupert
 23565 | Lair:4   | Killed Rupert
 23565 | Lair:4   | Reached skill level 13 in Dodging
 23727 | Lair:4   | XOM: cast spell 'Leda's Liquefaction'
 23885 | Lair:4   | Found a runed translucent door.
 23885 | Lair:4   | Noticed Ezendos's ghost (journeyman BaAr)
 24177 | Lair:5   | Noticed a five-headed hydra
 24398 | Lair:5   | Reached skill level 14 in Dodging
 24978 | Lair:5   | XOM: divination: magic mapping
 25116 | Lair:5   | XOM: god gift: twitching wooden ring {god gift}
 25117 | Lair:5   | Got a twitching wooden ring {god gift}
 25119 | Lair:5   | Identified the ring "Irysetuz" {god gift, AC+4 Str+4} (Xom
                  | gifted it to you on level 5 of the Lair of Beasts)
 25149 | Lair:6   | Entered Level 6 of the Lair of Beasts
 25150 | Lair:6   | XOM is BORED!
 25150 | Lair:6   | XOM: 1-stop teleportation journey
 25173 | Lair:6   | XOM: cleaving
 25211 | Lair:6   | XOM: scenery: create altars
 25215 | Lair:6   | Reached XP level 13. HP: 67/67 MP: 6/26
 25277 | Lair:5   | XOM: scenery: create altars
 25429 | Lair:6   | XOM: summons 12 friendly demons
 25448 | Lair:6   | Reached skill level 15 in Dodging
 25489 | Lair:6   | XOM: 1-stop teleportation journey
 25510 | Lair:6   | XOM: cast spell 'Summon Ice Beast'
 25733 | Lair:6   | XOM: repel stairs
 25737 | Lair:6   | XOM: blink monster(s)
 25994 | Lair:5   | XOM: polymorph dream sheep -> redback
 25996 | Lair:5   | XOM: confuse monster(s)
 26017 | Lair:5   | XOM: give mutations
 26017 | Lair:5   | Gained mutation: You have sharp fingernails. [Xom's grace]
 26017 | Lair:5   | Gained mutation: You can translocate small distances at
                  | will. [Xom's grace]
 26017 | Lair:5   | Gained mutation: Your mind is acute. (Int +2) [Xom's grace]
 26017 | Lair:5   | Gained mutation: Your system is resistant to poisons.
                  | (rPois) [Xom's grace]
 26040 | Lair:6   | XOM: summons friendly white imp
 26046 | Lair:6   | XOM: confusion
 26048 | Lair:6   | XOM: silly message
 26050 | Lair:5   | XOM: fake destruction
 26100 | Lair:5   | XOM: god gift: 48 gold pieces {god gift}
 26124 | Lair:5   | Reached skill level 5 in Fighting
 26185 | Lair:6   | XOM: cast spell 'Summon Horrible Things'
 26245 | Lair:6   | XOM: god gift: 22 sling bullets {god gift}
 26287 | Lair:6   | XOM: polymorph bullfrog -> boggart
 26289 | Lair:6   | XOM: give mutation
 26289 | Lair:6   | Gained mutation: Your muscles are strong. (Str +2) [Xom's
                  | grace]
 26290 | Lair:6   | XOM: summons 1 hostile demon
 26358 | Lair:6   | XOM: enchant monster (good)
 26371 | Lair:6   | XOM: enchant monster (bad)
 26570 | Lair:6   | XOM: cleaving
 26585 | Lair:6   | XOM: blink monster(s)
 26599 | Lair:6   | XOM: divine lightning
 26606 | Lair:6   | XOM: destruction
 26638 | Lair:6   | XOM: 1-stop teleportation journey
 26676 | Lair:6   | XOM: 1-stop teleportation journey
 26706 | Lair:6   | XOM: give mutation
 26706 | Lair:6   | Lost mutation: Your body often deteriorates upon taking
                  | damage. [Xom's mischief]
 27088 | Lair:6   | XOM: 1-stop teleportation journey
 27101 | Lair:6   | Found a staircase to the Slime Pits.
 27101 | Lair:6   | Found a viscous altar of Jiyva.
 27101 | Lair:6   | XOM: 5-stop teleportation journey
 27250 | Lair:6   | XOM: noise
 27263 | Lair:6   | XOM is BORED!
 27263 | Lair:6   | XOM: swap monsters
 27292 | Lair:6   | XOM: noise
 27309 | Lair:6   | XOM: blink monster(s)
 27327 | Lair:6   | XOM: torment (42/74 hp)
 27495 | Lair:6   | XOM: summons 2 hostile demons
 27496 | Lair:6   | XOM: noise
 27507 | Lair:6   | XOM: confuse monster(s)
 27578 | Lair:6   | XOM: noise
 27623 | Lair:6   | XOM: 1-stop teleportation journey
 27699 | Lair:6   | Noticed a dire elephant
 27699 | Lair:6   | a death yak changed into a dire elephant
 27699 | Lair:6   | XOM: polymorph death yak -> dire elephant
 27715 | Lair:6   | Killed a dire elephant
 27723 | Lair:6   | XOM: fog
 27733 | Lair:6   | Noticed an azure jelly
 27733 | Lair:6   | a death yak changed into an azure jelly
 27733 | Lair:6   | XOM: polymorph death yak -> azure jelly
 27749 | Lair:6   | XOM: scenery: create altars
 27755 | Lair:6   | XOM: confuse monster(s)
 27768 | Lair:6   | Killed an azure jelly
 27768 | Lair:6   | Reached XP level 14. HP: 80/80 MP: 27/27
 28321 | Lair:5   | XOM: destruction
 28344 | Lair:5   | XOM: give mutations
 28344 | Lair:5   | Lost mutation: You passively map the area around you.
                  | [Xom's mischief]
 28344 | Lair:5   | Lost mutation: Your mind is acute. (Int +2) [Xom's
                  | mischief]
 28344 | Lair:5   | Lost mutation: Your muscles are strong. (Str +2) [Xom's
                  | mischief]
 28518 | Lair:1   | XOM: enchant monster (bad)
 28525 | Lair:1   | XOM: noise
 28972 | D:12     | Reached skill level 1 in Shields
 29036 | D:12     | XOM: confusion
 29070 | D:12     | XOM: chaos upgrade
 29263 | D:12     | XOM: silly message
 29277 | D:12     | XOM: summons friendly ufetubus
 29358 | D:12     | XOM: silly message
 29526 | D:12     | XOM: summons 1 hostile shadow creature
 29551 | D:12     | XOM: summons 2 hostile shadow creatures
 29588 | D:12     | XOM: summons 1 hostile shadow creature
 29631 | D:12     | XOM: enchant monster (good)
 30040 | D:13     | XOM: summons 7 friendly demons
 30124 | D:13     | XOM is BORED!
 30124 | D:13     | XOM: summons 1 hostile demon
 30383 | D:13     | XOM: destruction
 30809 | D:13     | XOM: scenery: create altars
 30816 | D:13     | Reached skill level 5 in Shields
 31028 | D:13     | Found a shadowy altar of Dithmenos.
 31105 | D:13     | Found a gate to the Vaults.
 31108 | D:13     | XOM: enchant monster (good)
 31115 | D:13     | XOM: destruction
 31133 | D:13     | XOM: cast spell 'Summon Small Mammal'
 31150 | D:13     | XOM: summons 2 friendly demons
 31155 | D:13     | XOM: stat loss: -1 Dex (15/16)
 31165 | D:13     | XOM: swap monsters
 31197 | D:13     | XOM: summons 2 hostile demons
 31448 | D:14     | XOM: noise
 31475 | D:14     | XOM: give mutation
 31475 | D:14     | Lost mutation: You are resistant to hostile enchantments.
                  | (MR+) [Xom's mischief]
 31631 | D:14     | XOM: confuse monster(s)
 31675 | D:14     | XOM: noise
 31727 | D:14     | XOM: 5-stop teleportation journey
 32008 | D:14     | XOM: confusion (+ monsters)
 32079 | D:14     | Found Danew's Jewellery Shoppe.
 32259 | D:14     | Found a runed translucent door.
 32259 | D:14     | Noticed whitenoisemaker's ghost (journeyman DrFi)
 32471 | D:15     | Entered Level 15 of the Dungeon
 32616 | D:15     | Reached XP level 15. HP: 84/84 MP: 18/28
 32656 | D:15     | XOM: 2-stop teleportation journey
 32692 | D:15     | XOM: enchant monster (bad)
 32929 | D:15     | XOM: potion effect (might)
 32969 | D:14     | XOM: confusion (+ monsters)
 33318 | D:15     | Found a staircase to the Depths.
 33335 | D:15     | XOM: 1-stop teleportation journey
 33423 | D:15     | Noticed a fire giant
 33426 | D:15     | Found a runed translucent gate.
 33426 | D:15     | Found a runed translucent gate.
 33426 | D:15     | Found a runed translucent gate.
 33428 | D:15     | Noticed Pefaej's ghost (journeyman DsNe)
 33634 | D:15     | Reached skill level 16 in Dodging
 33838 | D:15     | XOM: confusion
 33841 | D:15     | XOM: summons 8 hostile demons
 33892 | D:15     | XOM: give mutations
 33892 | D:15     | Lost mutation: You are partially covered in icy blue
                  | scales. (AC +2) [Xom's mischief]
 33892 | D:15     | Lost mutation: Your system is resistant to poisons. (rPois)
                  | [Xom's mischief]
 34147 | D:15     | XOM: give mutation
 34147 | D:15     | Gained mutation: Your spells are a little harder to cast,
                  | but a little more powerful. [Xom's grace]
 34276 | D:15     | XOM: silly message
 34336 | D:15     | XOM: noise
 34420 | D:15     | XOM: cast spell 'Cause Fear'
 34483 | D:12     | XOM is BORED!
 34483 | D:12     | XOM: noise
 34537 | D:11     | XOM: noise
 34579 | Orc:1    | Entered Level 1 of the Orcish Mines
 34694 | Orc:1    | XOM: 3-stop teleportation journey
 34842 | Orc:1    | XOM: divination: magic mapping
 35151 | Orc:1    | XOM: cast spell 'Metabolic Englaciation'
 35259 | Orc:1    | XOM: 3-stop teleportation journey
 35364 | Orc:2    | Entered Level 2 of the Orcish Mines
 35428 | Orc:2    | XOM: cleaving
 35555 | Orc:2    | XOM: noise
 35611 | Orc:2    | XOM: cast spell 'Shadow Creatures'
 35629 | Orc:2    | XOM: silly message
 35658 | Orc:2    | Found a staircase to the Elven Halls.
 35680 | Orc:2    | Noticed Nessos
 35682 | Orc:2    | Noticed Nessos
 35682 | Orc:2    | Nessos changed into Nessos the water nymph
 35685 | Orc:2    | Killed Nessos the water nymph
 35822 | Orc:2    | XOM: scenery: create altars
 35917 | Orc:2    | XOM: divination: detect creatures
 36054 | Orc:2    | Found a roughly hewn altar of Beogh.
 36057 | Orc:2    | XOM: silly message
 36467 | Orc:2    | Noticed an orc warlord
 36656 | Orc:2    | XOM: cloud trail
 36774 | Orc:2    | XOM: potion effect (haste)
 36776 | Orc:2    | XOM: divination: detect creatures
 36783 | Orc:2    | XOM: divination: magic mapping
 36790 | Orc:2    | Killed an orc warlord
 36809 | Orc:1    | XOM: god gift: 33 gold pieces {god gift}
 36915 | Orc:2    | XOM: divination: detect creatures
 36918 | Orc:2    | XOM: summons friendly shadow imp
 37089 | Orc:2    | XOM: noise
 37627 | Orc:2    | XOM: confuse monster(s)
 37648 | Orc:2    | XOM: polymorph sixfirhy -> sun demon
 37948 | Orc:2    | Found Bangymou's Food Boutique.
 37948 | Orc:2    | Found Mivob's Weapon Emporium.
 37950 | Orc:2    | Found Xepnast's Food Boutique.
 37950 | Orc:2    | Found Toziang's Jewellery Emporium.
 37989 | Orc:2    | XOM: give mutations
 37989 | Orc:2    | Gained mutation: Your flesh is heat resistant. (rF+) [Xom's
                  | grace]
 37989 | Orc:2    | Gained mutation: You have a pair of antennae on your head.
                  | [Xom's grace]
 38073 | D:9      | Bought a scroll of acquirement for 624 gold pieces
 38074 | D:9      | Got the ring "Vyzodwud" {+Inv AC+4}
 38134 | D:9      | Bought a +4 ring of slaying for 936 gold pieces
 38136 | D:9      | Bought an uncursed amulet of reflection for 360 gold pieces
 38240 | D:11     | XOM: give mutations
 38240 | D:11     | Lost mutation: You can translocate small distances at will.
                  | [Xom's mischief]
 38240 | D:11     | Lost mutation: Your body sometimes deteriorates upon taking
                  | damage. [Xom's mischief]
 38240 | D:11     | Lost mutation: Your flesh is heat resistant. (rF+) [Xom's
                  | mischief]
 38318 | Lair:3   | XOM is BORED!
 38318 | Lair:3   | XOM: stat loss: -3 Str (9/12)
 38327 | Spider:1 | Entered Level 1 of the Spider Nest
 38331 | Spider:1 | XOM: confuse monster(s)
 38333 | Spider:1 | XOM: summons 6 friendly demons
 38361 | Spider:1 | Reached skill level 17 in Dodging
 38361 | Spider:1 | Reached skill level 15 in Stealth
 38735 | Spider:1 | XOM: cleaving
 38945 | Spider:1 | XOM: polymorph orb spider -> rime drake
 38947 | Spider:1 | Identified the cursed +0 tower shield of the Ecumenical
                  | Temple {Harm}
 38947 | Spider:1 | Noticed Louise
 38969 | Spider:1 | Killed Louise
 39064 | Spider:1 | Reached skill level 18 in Dodging
 39175 | Spider:1 | XOM: 2-stop teleportation journey
 39521 | Spider:1 | XOM: scenery: create altars
 39871 | Spider:2 | XOM: 1-stop teleportation journey
 39905 | Spider:2 | XOM: cleaving
 40229 | Spider:2 | Reached XP level 16. HP: 89/89 MP: 26/29
 40260 | Spider:2 | XOM: chaos cloud
 40263 | Spider:2 | XOM: give mutations
 40263 | Spider:2 | Gained mutation: Your body sometimes deteriorates upon
                  | taking damage. [Xom's mischief]
 40263 | Spider:2 | Lost mutation: Your body sometimes deteriorates upon taking
                  | damage. [Xom's mischief]
 40263 | Spider:2 | Lost mutation: Your spells are a little harder to cast, but
                  | a little more powerful. [Xom's mischief]
 40267 | Spider:2 | XOM: 3-stop teleportation journey
 40297 | Spider:2 | XOM: summons 2 hostile shadow creatures
 40322 | Spider:2 | XOM: 1-stop teleportation journey
 40474 | Spider:1 | XOM: blink monster(s)
 40484 | Spider:1 | XOM: swap monsters
 40496 | Spider:1 | XOM: torment (50/89 hp)
 40693 | Spider:2 | XOM: 1-stop teleportation journey
 40731 | Spider:2 | XOM: polymorph emperor scorpion -> death yak
 40752 | Spider:2 | XOM: divination: detect items
 40819 | Spider:2 | XOM: blink monster(s)
 41011 | Spider:2 | XOM: potion effect (might)
 41053 | Spider:2 | XOM: enchant monster (good)
 41351 | Spider:2 | XOM: divination: magic mapping
 41452 | Spider:3 | XOM: cleaving
 41525 | Spider:2 | XOM: cleaving
 41852 | Spider:3 | Reached skill level 10 in Evocations
 42026 | Spider:3 | XOM: stat loss: -1 Str (11/12)
 42251 | Spider:3 | XOM: scenery: create altars
 42579 | Spider:4 | Entered Level 4 of the Spider Nest
 42617 | Spider:4 | XOM: potion effect (magic)
 42716 | Spider:4 | XOM: confuse monster(s)
 42738 | Spider:4 | XOM: silly message
 42739 | Spider:4 | XOM: scenery: create altars
 43019 | Spider:4 | XOM: cast spell 'Summon Mana Viper'
 43422 | Spider:4 | XOM: potion effect (invisibility)
 43434 | Spider:4 | XOM: cast spell 'Ring of Flames'
 43437 | Spider:4 | XOM: confuse monster(s)
 43448 | Spider:4 | XOM: divination: detect items
 43473 | Spider:4 | XOM: confuse monster(s)
 43548 | Spider:3 | Gained mutation: Your magical capacity is low. (-10% MP)
                  | [mutagenic glow]
 43863 | Spider:4 | XOM: divination: detect items
 43870 | Spider:3 | XOM: divination: magic mapping
 43904 | Spider:2 | XOM: confuse monster(s)
 43921 | Spider:2 | XOM: enchant monster (bad)
 43922 | Spider:2 | XOM: summons 2 hostile demons
 43931 | Spider:2 | XOM: chaos cloud
 44018 | Spider:4 | XOM: summons 9 hostile demons
 44044 | Spider:3 | XOM: stat loss: -1 Int (23/24)
 44229 | Spider:4 | XOM: 4-stop teleportation journey
 44266 | Spider:4 | Reached skill level 19 in Dodging
 44445 | Spider:4 | XOM: summons 9 hostile demons
 44559 | Spider:4 | Identified the +7 morningstar "Lykhates" {vorpal, MR+
                  | Int+3}
 44611 | Spider:4 | XOM: noise
 44621 | Spider:4 | XOM: give mutation
 44621 | Spider:4 | Gained mutation: You sometimes yell uncontrollably at your
                  | foes. [Xom's mischief]
 44856 | Spider:3 | XOM: stat loss: -1 Int (23/24)
 45099 | Spider:4 | XOM is BORED!
 45099 | Spider:4 | XOM: swap monsters
 45411 | Spider:4 | XOM: repel stairs
 45445 | Spider:2 | XOM: repel stairs
 45827 | Spider:4 | XOM: 1-stop teleportation journey
 45872 | Spider:4 | XOM: scenery: create altars
 45873 | Spider:4 | XOM: blink monster(s)
 45883 | Spider:4 | XOM: confuse monster(s)
 45887 | Spider:4 | Reached XP level 17. HP: 94/94 MP: 27/27
 46009 | Shoals:1 | Entered Level 1 of the Shoals
 46013 | Shoals:1 | XOM: cast spell 'Olgreb's Toxic Radiance'
 46079 | Shoals:1 | XOM: fog
 46137 | Shoals:1 | Noticed Nikola
 46273 | Shoals:1 | Killed Nikola
 46377 | Shoals:1 | Reached skill level 20 in Dodging
 46511 | Shoals:1 | You fall into a shaft and drop 1 floor!
 46694 | Shoals:3 | XOM: summons friendly shadow imp
 46698 | Shoals:3 | XOM: enchant monster (bad)
 46768 | Shoals:3 | XOM: confusion (+ monsters)
 46891 | Shoals:3 | XOM: enchant monster (bad)
 47178 | Shoals:3 | Found Ovvi Muecu's Gadget Emporium.
 47318 | Shoals:3 | XOM: 1-stop teleportation journey
 47363 | Shoals:3 | XOM is BORED!
 47412 | Shoals:3 | XOM: 5-stop teleportation journey
 47464 | Shoals:3 | XOM: enchant monster (good)
 47657 | Shoals:2 | Noticed Ilsuiw
 47716 | Shoals:2 | Killed Ilsuiw
 47719 | Shoals:2 | XOM: 2-stop teleportation journey
 47726 | Shoals:2 | XOM: cleaving
 47738 | Shoals:2 | Reached skill level 10 in Fighting
 47928 | Shoals:2 | XOM: swap monsters
 47949 | Shoals:2 | XOM: chaos cloud
 47960 | Shoals:2 | Reached skill level 21 in Dodging
 47972 | Shoals:2 | XOM: stat loss: -1 Dex (15/16)
 48217 | Shoals:2 | XOM: 1-stop teleportation journey
 48296 | Shoals:2 | XOM: enchant monster (bad)
 48304 | Shoals:2 | XOM: give mutation
 48304 | Shoals:2 | Gained mutation: You evolve. [Xom's grace]
 48306 | Shoals:2 | XOM: cast spell 'Summon Dragon'
 48429 | Shoals:2 | XOM: swap monsters
 48433 | Shoals:2 | Lost mutation: You evolve. [evolution]
 48556 | Shoals:2 | XOM: polymorph merfolk aquamancer -> emperor scorpion
 48868 | Shoals:2 | XOM: noise
 48879 | Shoals:2 | XOM: destruction
 49748 | Shoals:4 | Entered Level 4 of the Shoals
 49753 | Shoals:4 | XOM: polymorph merfolk -> shapeshifter
 49792 | Shoals:4 | Found a flickering gateway to a bazaar.
 49803 | Bazaar   | Entered a bazaar
 49845 | Bazaar   | Found Yturhit's Food Boutique.
 49855 | Bazaar   | Found Gad Ropu's Antique Armour Boutique.
 49858 | Bazaar   | XOM: scenery: create altars
 49860 | Bazaar   | Found Tuquwiy's Distillery.
 49865 | Bazaar   | Found Zougg's Antique Armour Boutique.
 49879 | Bazaar   | Bought a potion of heal wounds for 40 gold pieces
 49879 | Bazaar   | Bought a potion of curing for 24 gold pieces
 49879 | Bazaar   | Bought a potion of curing for 24 gold pieces
 49879 | Bazaar   | Bought a potion of curing for 24 gold pieces
 49879 | Bazaar   | Bought a potion of curing for 24 gold pieces
 49879 | Bazaar   | Bought a potion of mutation for 64 gold pieces
 49895 | Bazaar   | Bought a ration for 60 gold pieces
 49895 | Bazaar   | Bought a ration for 60 gold pieces
 49895 | Bazaar   | Bought a ration for 60 gold pieces
 49895 | Bazaar   | Bought a ration for 60 gold pieces
 49895 | Bazaar   | Bought a ration for 60 gold pieces
 49895 | Bazaar   | Bought a ration for 60 gold pieces
 49895 | Bazaar   | Bought a ration for 60 gold pieces
 49895 | Bazaar   | Bought a ration for 60 gold pieces
 49895 | Bazaar   | Bought a ration for 60 gold pieces
 49895 | Bazaar   | Bought a ration for 60 gold pieces
 49895 | Bazaar   | Bought a ration for 60 gold pieces
 49895 | Bazaar   | Bought a ration for 60 gold pieces
 49895 | Bazaar   | Bought a ration for 60 gold pieces
 49895 | Bazaar   | Bought a ration for 60 gold pieces
 50037 | Shoals:4 | XOM: cast spell 'Death Channel'
 50039 | Shoals:4 | XOM: confuse monster(s)
 50285 | Shoals:4 | Identified the amulet "Pyqozustri" {Acrobat MR- Str+6
                  | Slay+4} (You found it on level 4 of the Shoals)
 50354 | Shoals:4 | XOM: summons friendly white imp
 50564 | Shoals:4 | Identified the ring "Wosauwipp" {*Slow rPois rF+ rN+ Int+5}
                  | (You found it on level 4 of the Shoals)
 50769 | Shoals:4 | XOM: confuse monster(s)
 50997 | Shoals:4 | XOM: enchant monster (good)
 51029 | Shoals:4 | XOM: confusion (+ monsters)
 51043 | Shoals:4 | XOM: divination: detect creatures
 51198 | Shoals:4 | XOM: blink monster(s)
 51204 | Shoals:4 | Reached XP level 18. HP: 74/104 MP: 23/28
 51330 | Shoals:4 | Got a barnacled rune of Zot
 51354 | Shoals:4 | XOM is BORED!
 51915 | D:14     | Killed whitenoisemaker's ghost
 51923 | D:14     | Identified Ikae's Papyrus of Unholy Creation
 51980 | D:15     | XOM: stat loss: -1 Dex (15/16)
 52011 | D:15     | Found a runed translucent gate.
 52011 | D:15     | Found a runed translucent gate.
 52012 | D:15     | Found a runed translucent gate.
 52143 | D:15     | Found a staircase to the Depths.
 52255 | D:15     | XOM: divination: detect items
 52263 | D:15     | XOM: divination: detect creatures
 52296 | D:15     | XOM: noise
 52382 | D:15     | XOM: silly message
 53093 | Lair:2   | XOM: silly message
 53096 | Lair:2   | XOM: potion effect (brilliance)
 53131 | Lair:2   | Killed jlcercos's ghost
 53710 | Lair:4   | Killed Ezendos's ghost
 53721 | Lair:4   | Reached XP level 19. HP: 108/108 MP: 28/28
 53967 | Vaults:1 | Entered Level 1 of the Vaults
 53967 | Vaults:1 | Found Arisidic's Armour Shop.
 53974 | Vaults:1 | XOM: god gift: 26 sling bullets {god gift}
 54099 | Vaults:1 | XOM: potion effect (invisibility)
 54116 | Vaults:1 | XOM: butterfly on damage
 54137 | Vaults:1 | XOM: cast spell 'Discord'
 54186 | Vaults:1 | XOM: polymorph vault warden -> dire elephant
 54246 | Vaults:1 | XOM: give mutation
 54246 | Vaults:1 | Gained mutation: Armour fits poorly on your strangely
                  | shaped body. [Xom's mischief]
 54326 | Vaults:1 | XOM: give mutations
 54326 | Vaults:1 | Lost mutation: Armour fits poorly on your strangely shaped
                  | body. [Xom's mischief]
 54326 | Vaults:1 | Gained mutation: You are dopey. (Int -2) [Xom's mischief]
 54326 | Vaults:1 | Lost mutation: You are dopey. (Int -2) [Xom's mischief]
 54611 | Vaults:1 | You fall into a shaft and drop 1 floor!
 54745 | Vaults:2 | XOM: silly message
 54769 | Vaults:2 | XOM: summons 2 friendly demons
 54967 | Vaults:1 | Found Yfipt's Gadget Shoppe.
 55120 | Vaults:1 | XOM: give mutation
 55120 | Vaults:1 | Lost mutation: You passively map a small area around you.
                  | [Xom's mischief]
 55387 | Vaults:1 | XOM: give mutations
 55387 | Vaults:1 | Lost mutation: You are partially covered in large bone
                  | plates. (SH +4) [Xom's mischief]
 55387 | Vaults:1 | Gained mutation: Potions are less effective at restoring
                  | your health. [Xom's mischief]
 55459 | Vaults:1 | XOM: summons 10 hostile demons
 56050 | Vaults:2 | XOM: 1-stop teleportation journey
 56077 | Vaults:2 | XOM: 2-stop teleportation journey
 56102 | Vaults:2 | XOM: draining
 56222 | Vaults:2 | XOM: noise
 56262 | Vaults:2 | XOM: potion effect (berserk rage)
 56265 | Vaults:2 | XOM: silly message
 56566 | Vaults:2 | XOM: potion effect (might)
 56656 | Vaults:1 | XOM: silly message
 57163 | Vaults:2 | XOM: butterfly on damage
 57473 | Vaults:2 | XOM: summons 1 hostile shadow creature
 57654 | Vaults:2 | Found a staircase to the Crypt.
 57845 | Vaults:2 | XOM: summons 3 hostile shadow creatures
 57895 | Vaults:1 | XOM: silly message
 58396 | Vaults:2 | XOM: confusion
 58438 | Vaults:2 | XOM: summons 10 hostile demons
 58510 | Vaults:2 | XOM: give mutations
 58510 | Vaults:2 | Lost mutation: Your magical capacity is low. (-10% MP)
                  | [Xom's mischief]
 58510 | Vaults:2 | Gained mutation: You are clumsy. (Dex -2) [Xom's mischief]
 58510 | Vaults:2 | Lost mutation: You are clumsy. (Dex -2) [Xom's mischief]
 58613 | Vaults:2 | XOM: blink monster(s)
 58848 | Vaults:2 | XOM: chaos cloud
 58850 | Vaults:2 | Paralysed by you for 6 turns
 59110 | Vaults:2 | XOM: silly message
 59123 | Vaults:2 | XOM: silly message
 59191 | Vaults:2 | Reached XP level 20. HP: 115/118 MP: 22/33
 59277 | Vaults:2 | XOM: silly message
 59426 | Vaults:2 | XOM: potion effect (haste)
 59447 | Vaults:2 | XOM: divination: detect items
 59993 | Vaults:3 | XOM: cast spell 'Call Canine Familiar'
 60108 | Vaults:3 | XOM: confuse monster(s)
 60218 | Vaults:2 | XOM: noise
 60306 | Vaults:3 | XOM is BORED!
 60306 | Vaults:3 | XOM: 1-stop teleportation journey
 60327 | Vaults:3 | XOM: silly message
 60475 | Vaults:3 | XOM: silly message
 60776 | Vaults:3 | XOM: divination: detect items
 60804 | Vaults:3 | XOM: enchant monster (good)
 61559 | Vaults:3 | XOM: noise
 61706 | Vaults:3 | XOM: scenery: 1 doors close
 61747 | Vaults:4 | XOM: divination: detect creatures
 61754 | Vaults:4 | XOM: scenery: 2 doors open
 61818 | Vaults:4 | Found a flickering gateway to a bazaar.
 61829 | Bazaar   | Entered a bazaar
 61829 | Bazaar   | Found Piuz's Gadget Shoppe.
 61829 | Bazaar   | Found Suth's Jewellery Shoppe.
 61829 | Bazaar   | Found Qunuj's Food Shop.
 61831 | Bazaar   | Found Jaewehao's Antique Armour Shop.
 61831 | Bazaar   | Found Bumajol's Weapon Emporium.
 61870 | Bazaar   | Bought an uncursed ring of protection from fire for 225
                  | gold pieces
 61990 | Vaults:4 | XOM: cleaving
 62106 | Vaults:4 | XOM: 3-stop teleportation journey
 62317 | Vaults:4 | XOM: scenery: create altars
 62352 | Vaults:4 | XOM: cast spell 'Necromutation'
 62367 | Vaults:4 | Reached skill level 15 in Fighting
 62401 | Vaults:4 | XOM: fog
 62445 | Vaults:4 | XOM: summons 4 friendly demons
 62612 | Vaults:4 | XOM: fog
 62657 | Vaults:4 | XOM: enchant monster (good)
 62665 | Vaults:4 | XOM: confuse monster(s)
 62679 | Vaults:4 | XOM: give mutation
 62679 | Vaults:4 | Gained mutation: Your flesh is heat resistant. (rF+) [Xom's
                  | grace]
 62835 | Vaults:4 | Reached skill level 22 in Dodging
 63016 | Vaults:4 | XOM: silly message
 63063 | Vaults:4 | XOM: enchant monster (good)
 63379 | Vaults:4 | XOM: enchant monster (bad)
 63552 | Vaults:4 | XOM: cast spell 'Summon Butterflies'
 63588 | Vaults:4 | XOM is BORED!
 63804 | Vaults:4 | XOM: divination: magic mapping
 63874 | Vaults:4 | XOM: god gift: scroll of blinking {god gift}
 64171 | Elf:1    | Entered Level 1 of the Elven Halls
 64296 | Elf:1    | Noticed Kirke
 64301 | Elf:1    | Killed Kirke
 64322 | Elf:1    | Noticed Azrael
 64327 | Elf:1    | Killed Azrael
 64360 | Elf:1    | XOM: polymorph deep elf mage -> shapeshifter
 64367 | Elf:1    | Reached XP level 21. HP: 128/128 MP: 34/34
 64514 | Elf:1    | Identified the Catalogue of the Entourage
 64617 | Elf:1    | XOM: enchant monster (bad)
 64623 | Elf:1    | XOM: enchant monster (good)
 64629 | Elf:1    | Reached skill level 23 in Dodging
 64758 | Elf:1    | XOM is BORED!
 65126 | Elf:2    | XOM: swap monsters
 65138 | Elf:2    | XOM: chaos upgrade
 65305 | Elf:2    | Found a runed translucent gate.
 65307 | Elf:2    | Found a runed translucent gate.
 65308 | Elf:2    | Found a runed translucent gate.
 65555 | Elf:2    | Found Ubracaq's Antique Armour Shop.
 65706 | Elf:2    | Learned a level 5 spell: Silence
 65788 | Elf:2    | XOM: blink monster(s)
 65810 | Elf:2    | Reached skill level 1 in Air Magic
 65937 | Elf:2    | XOM: confusion
 66117 | Elf:2    | XOM: give mutation
 66117 | Elf:2    | Gained mutation: You are clumsy. (Dex -2) [Xom's mischief]
 66412 | Elf:2    | XOM: enchant monster (bad)
 66974 | Elf:2    | XOM: torment (72/128 hp)
 67133 | Elf:2    | XOM: give mutation
 67133 | Elf:2    | Lost mutation: You have sharp fingernails. [Xom's mischief]
 67216 | Elf:2    | XOM: give mutation
 67216 | Elf:2    | Lost mutation: You sometimes yell uncontrollably at your
                  | foes. [Xom's mischief]
 67278 | Elf:2    | XOM: silly message
 67658 | Elf:2    | XOM: summons 3 hostile shadow creatures
 67660 | Elf:3    | Entered Level 3 of the Elven Halls
 67677 | Elf:3    | XOM: chaos upgrade
 67683 | Elf:3    | XOM: 2-stop teleportation journey
 67688 | Elf:3    | Reached skill level 24 in Dodging
 67715 | Elf:3    | Found Xaodghuef's Distillery.
 67858 | Elf:3    | XOM is BORED!
 67858 | Elf:3    | XOM: give mutations
 67858 | Elf:3    | Gained mutation: Armour fits poorly on your strangely
                  | shaped body. [Xom's mischief]
 67858 | Elf:3    | Lost mutation: Your movements are slightly less encumbered
                  | by armour. (ER -2) [Xom's mischief]
 67858 | Elf:3    | Gained mutation: You have large cloven feet. [Xom's
                  | mischief]
 67936 | Elf:3    | Found a runed translucent gate.
 67936 | Elf:3    | Found a runed translucent gate.
 67937 | Elf:3    | Found a runed translucent gate.
 67938 | Elf:3    | Noticed Wamoenne's ghost (adept BaIE)
 67938 | Elf:3    | Noticed Puagh's ghost (veteran TrFi)
 67938 | Elf:3    | Noticed Ekodety's ghost (adept SpEn)
 67938 | Elf:3    | Noticed Neulin's ghost (veteran TrFi)
 67939 | Elf:3    | Noticed Dicoal's ghost (adept HaCK)
 68236 | Elf:3    | XOM: stat loss: -1 Dex (13/14)
 68408 | Elf:3    | XOM: chaos upgrade
 68551 | Elf:3    | XOM: stat loss: -1 Str (13/14)
 68634 | Elf:3    | XOM: enchant monster (bad)
 68636 | Elf:3    | XOM: blink monster(s)
 68683 | Elf:3    | XOM: give mutations
 68683 | Elf:3    | Lost mutation: You are robust. (+10% HP) [Xom's mischief]
 68683 | Elf:3    | Lost mutation: You occasionally shout uncontrollably at
                  | your foes. [Xom's mischief]
 68683 | Elf:3    | Lost mutation: You have a pair of antennae on your head.
                  | [Xom's mischief]
 68683 | Elf:3    | Gained mutation: You are dopey. (Int -2) [Xom's mischief]
 68969 | Elf:3    | XOM: fog
 69040 | Elf:3    | XOM: chaos upgrade
 69086 | Elf:3    | XOM is BORED!
 69086 | Elf:3    | XOM: give mutation
 69086 | Elf:3    | Lost mutation: You have large cloven feet. [Xom's mischief]
 69366 | Elf:3    | Reached skill level 25 in Dodging
 69546 | Elf:3    | XOM: swap monsters
 69653 | Elf:3    | Identified the +2 leather armour of the Wumpus {rElec rC+
                  | rN+}
 69673 | Elf:3    | XOM: noise
 69679 | Elf:3    | XOM: cast spell 'Olgreb's Toxic Radiance'
 69835 | Elf:3    | XOM: 8-stop teleportation journey
 70004 | Elf:3    | Identified the Grimoire of Dark Rituals and Summoning
 70087 | Elf:3    | XOM: cast spell 'Disjunction'
 70099 | Elf:3    | XOM: cleaving
 70280 | Elf:3    | Identified the +4 broad axe "Geckafaefo" {speed, +Inv
                  | rPois} (You found it on level 3 of the Elven Halls)
 70516 | D:12     | XOM: scenery: create altars
 70658 | Depths:1 | XOM: stealth player
 70658 | Depths:1 | Entered Level 1 of the Depths
 70673 | Depths:1 | XOM: enchant monster (good)
 70677 | Depths:1 | XOM: divine lightning
 70683 | Depths:1 | XOM: draining
 70688 | Depths:1 | XOM: cleaving
 70695 | Depths:1 | XOM: enchant monster (good)
 70881 | Depths:1 | XOM: summons friendly ufetubus
 71034 | Depths:1 | XOM: cast spell 'Monstrous Menagerie'
 71036 | Depths:1 | XOM: divination: detect creatures
 71208 | Depths:1 | XOM: 2-stop teleportation journey
 71274 | Depths:1 | Reached skill level 15 in Short Blades
 71277 | Depths:1 | Found a gateway to Hell.
 71302 | Depths:1 | Found Togguus's Assorted Antiques.
 71317 | Depths:1 | XOM: noise
 71418 | Depths:1 | XOM: butterfly on damage
 71427 | Depths:1 | XOM: scenery: create altars
 71755 | Depths:1 | XOM: summons friendly white imp
 71963 | Depths:1 | XOM: scenery: create altars
 72111 | Depths:1 | XOM: destruction
 72137 | Depths:1 | XOM: summons 8 friendly demons
 72284 | Depths:1 | XOM: swap monsters
 72294 | Depths:1 | Paralysed by a lich for 5 turns
 72402 | Depths:1 | XOM: cleaving
 72757 | Depths:1 | Reached XP level 22. HP: 122/122 MP: 35/35
 72797 | Depths:1 | XOM: enchant monster (bad)
 73457 | Depths:2 | Found Adol's Gadget Emporium.
 73460 | Depths:2 | Found Gukeekhlope's Jewellery Shop.
 73461 | Depths:2 | Found Asoof's Gadget Emporium.
 73605 | Depths:2 | XOM: divination: magic mapping
 73785 | Depths:2 | XOM: silly message
 73910 | Depths:2 | XOM: smoke on damage
 74184 | Depths:2 | XOM: give mutation
 74184 | Depths:2 | Gained mutation: Your spells are a little harder to cast,
                  | but a little more powerful. [Xom's grace]
 74234 | Depths:2 | XOM: enchant monster (good)
 74414 | Depths:2 | XOM: 3-stop teleportation journey
 74704 | Depths:2 | XOM: enchant monster (good)
 74781 | Depths:2 | XOM: give mutations
 74781 | Depths:2 | Gained mutation: You evolve. [Xom's grace]
 74781 | Depths:2 | Gained mutation: Your spells are harder to cast, but more
                  | powerful. [Xom's grace]
 74910 | Depths:3 | Found a gateway to a ziggurat.
 75023 | Depths:3 | XOM: summons 3 hostile shadow creatures
 75190 | Depths:3 | XOM: polymorph frost giant -> shadow dragon
 75193 | Depths:3 | XOM: blink monster(s)
 75249 | Depths:3 | Found a corrupted altar of Lugonu.
 75250 | Depths:3 | Found a one-way gate to the infinite horrors of the Abyss.
 75259 | Depths:3 | XOM: enchant monster (good)
 75436 | Depths:2 | Found the +3 Elemental Staff {rElec rF++ rC++ MR++ AC+5}
 75457 | Depths:3 | Noticed a juggernaut
 75460 | Depths:3 | Noticed Rivec's ghost (veteran MiFi)
 75461 | Depths:3 | Found a runed translucent gate.
 75461 | Depths:3 | Found a runed translucent gate.
 75461 | Depths:3 | Found a runed translucent gate.
 75494 | Depths:3 | Noticed the Enchantress
 75582 | Depths:3 | Reached skill level 1 in Staves
 75694 | Depths:3 | XOM: blink monster(s)
 75698 | Depths:3 | Killed the Enchantress
 75873 | Depths:3 | XOM: give mutations
 75873 | Depths:3 | Gained mutation: You are covered in fur. (AC +1) [Xom's
                  | mischief]
 75873 | Depths:3 | Gained mutation: You are weak. (Str -2) [Xom's mischief]
 75873 | Depths:3 | Lost mutation: Armour fits poorly on your strangely shaped
                  | body. [Xom's mischief]
 76132 | Depths:3 | XOM: 1-stop teleportation journey
 76177 | Depths:3 | XOM: divination: magic mapping
 76229 | Depths:3 | XOM: confuse monster(s)
 76281 | Depths:3 | Found a one-way gate leading to the halls of Pandemonium.
 76375 | Depths:3 | XOM: god gift: 5 rations {god gift}
 76377 | Depths:3 | XOM: summons friendly chaos spawn
 76382 | Depths:3 | XOM: polymorph tentacled monstrosity -> hellephant
 76420 | Depths:3 | XOM: polymorph deep elf high priest -> snapping turtle
 76435 | Depths:3 | XOM: cleaving
 76446 | Depths:3 | XOM: god gift: ration {god gift}
 76566 | Depths:2 | Gained mutation: You have large cloven feet. [evolution]
 76899 | Depths:3 | You fall into a shaft and drop 2 floors!
 76899 | Depths:5 | Entered Level 5 of the Depths
 76899 | Depths:5 | Found a gate to the Realm of Zot.
 76900 | Depths:5 | Reached skill level 5 in Staves
 77042 | Depths:5 | Paralysed by a floating eye for 3 turns
 77065 | Depths:5 | XOM: god gift: scroll of summoning {god gift}
 77106 | Depths:5 | XOM: fog
 77138 | Depths:5 | Identified the ring of Prescription {+Fly Str+7}
 77397 | Depths:5 | XOM: 1-stop teleportation journey
 77413 | Depths:5 | Got a steaming lead ring
 77414 | Depths:5 | Identified the ring "Jyxkoz" {Ice SInv} (You found it on
                  | level 5 of the Depths)
 77669 | Depths:5 | XOM: 7-stop teleportation journey
 77681 | Depths:5 | XOM: polymorph vault guard -> fire dragon
 77693 | Depths:5 | XOM: torment (64/122 hp)
 77910 | Depths:5 | XOM: 10-stop teleportation journey
 78023 | Depths:5 | Noticed Saint Roka
 78046 | Depths:5 | Killed Saint Roka
 78169 | Depths:5 | XOM: confuse monster(s)
 78292 | Depths:5 | Reached XP level 23. HP: 126/126 MP: 36/36
 78436 | Depths:5 | Learned a level 5 spell: Summon Mana Viper
 78452 | Depths:5 | XOM: god gift: phantom mirror {god gift}
 78471 | Depths:5 | Got a warped silver ring
 78472 | Depths:5 | Identified the ring "Nasyuhah" {*Slow +Blink rC+ EV+4
                  | Slay+2} (You found it on level 5 of the Depths)
 78555 | Depths:5 | XOM: give mutations
 78555 | Depths:5 | Lost mutation: You are dopey. (Int -2) [Xom's mischief]
 78555 | Depths:5 | Gained mutation: You are robust. (+10% HP) [Xom's mischief]
 78555 | Depths:5 | Gained mutation: You occasionally shout uncontrollably at
                  | your foes. [Xom's mischief]
 78555 | Depths:5 | Lost mutation: You are weak. (Str -2) [Xom's mischief]
 78604 | Depths:5 | XOM: scenery: 1 doors open, 1 doors close
 78621 | Depths:5 | XOM: scenery: 1 doors open
 78667 | Depths:5 | XOM: polymorph tentacled monstrosity -> tentacled
                  | monstrosity
 78680 | Depths:5 | XOM: polymorph storm dragon -> queen ant
 78737 | Depths:5 | XOM: god gift: 35 gold pieces {god gift}
 78745 | Depths:5 | XOM: god gift: wand of digging (5) {god gift}
 78831 | Depths:5 | XOM: cast spell 'Summon Butterflies'
 78849 | Depths:5 | XOM: smoke on damage
 78896 | Depths:5 | XOM: divination: detect items
 78973 | Depths:5 | XOM: cloud trail
 79003 | Depths:5 | XOM: summons friendly white imp
 79038 | Depths:5 | XOM: polymorph storm dragon -> shapeshifter
 79062 | Depths:5 | XOM: cast spell 'Leda's Liquefaction'
 79360 | Depths:5 | XOM: potion effect (stabbing)
 79360 | Depths:5 | XOM: butterfly on damage
 79492 | Depths:5 | Reached skill level 10 in Staves
 79539 | Depths:5 | Found Ludolil's General Store.
 79540 | Depths:5 | Noticed a juggernaut
 79933 | Depths:5 | Killed a juggernaut
 79991 | Depths:5 | Bought a potion of heal wounds for 70 gold pieces
 79991 | Depths:5 | Bought a scroll of fog for 28 gold pieces
 79991 | Depths:5 | Bought a potion of might for 56 gold pieces
 79991 | Depths:5 | Bought a scroll of magic mapping for 49 gold pieces
 79991 | Depths:5 | Bought a ration for 70 gold pieces
 79997 | Depths:5 | XOM: cloud trail
 80231 | Depths:4 | XOM: cast spell 'Summon Small Mammal'
 80232 | Depths:4 | XOM: cast spell 'Call Canine Familiar'
 80239 | Depths:4 | XOM: noise
 80254 | Depths:4 | XOM: cast spell 'Alistair's Intoxication'
 80333 | Depths:4 | Found Ocronijion's Distillery.
 80336 | Depths:4 | Found Bemusm's Magic Scroll Shop.
 80336 | Depths:4 | Found Leusmoec's Jewellery Boutique.
 80460 | Depths:4 | XOM: potion effect (invisibility)
 80652 | Depths:4 | XOM: 1-stop teleportation journey
 80950 | Depths:4 | XOM: scenery: 1 doors close
 81140 | Depths:4 | Found Etugaolau's Gadget Boutique.
 81167 | Depths:4 | Bought a potion of heal wounds for 105 gold pieces
 81167 | Depths:4 | Bought a potion of heal wounds for 105 gold pieces
 81167 | Depths:4 | Bought a potion of berserk rage for 105 gold pieces
 81173 | Depths:4 | Bought a wand of enslavement (7) for 126 gold pieces
 81208 | Depths:4 | XOM: 2-stop teleportation journey
 81408 | Depths:4 | XOM: scenery: 1 doors open, 2 doors close
 81584 | Depths:3 | XOM: divination: magic mapping
 81646 | Depths:3 | XOM: draining
 81784 | D:14     | XOM: scenery: 2 doors close
 81941 | D:10     | XOM: give mutations
 81941 | D:10     | Gained mutation: You possess an exceptional clarity of
                  | mind. [Xom's grace]
 81941 | D:10     | Lost mutation: You are clumsy. (Dex -2) [Xom's grace]
 81941 | D:10     | Gained mutation: Your mind is acute. (Int +2) [Xom's grace]
 81941 | D:10     | Gained mutation: Your spells are much harder to cast, but
                  | much more powerful. [Xom's grace]
 81993 | D:7      | Bought a wand of paralysis (3) for 70 gold pieces
 81993 | D:7      | Bought a wand of clouds (5) for 378 gold pieces
 82690 | Depths:4 | Bought a scroll of enchant armour for 165 gold pieces
 82690 | Depths:4 | Bought a scroll of fear for 77 gold pieces
 82690 | Depths:4 | Bought a scroll of teleportation for 66 gold pieces
 82835 | D:13     | XOM: cloud trail
 82953 | Crypt:1  | Entered Level 1 of the Crypt
 82959 | Crypt:1  | Noticed bmj180's ghost (veteran DrCj)
 82968 | Crypt:1  | Found a transporter.
 83011 | Crypt:1  | Found a transporter.
 83015 | Crypt:1  | Noticed Mennas
 83127 | Crypt:2  | XOM: 1-stop teleportation journey
 83129 | Crypt:2  | Identified the +6 fustibalus "Kireetituu" {speed, *Slow
                  | Str+4} (You found it on level 2 of the Crypt)
 83216 | Crypt:2  | XOM: summons 8 hostile demons
 83242 | Crypt:2  | Reached skill level 1 in Armour
 83290 | Crypt:2  | XOM: silly message
 83408 | Crypt:2  | XOM: divine lightning
 83478 | Crypt:2  | XOM: cloud trail
 83533 | Crypt:2  | Lost mutation: You evolve. [end of evolution]
 83574 | Crypt:2  | XOM: confuse monster(s)
 83580 | Crypt:2  | XOM: noise
 83693 | Crypt:3  | Entered Level 3 of the Crypt
 83713 | Crypt:3  | Noticed Bai Suzhen
 83721 | Crypt:3  | XOM: cast spell 'Ring of Flames'
 83736 | Crypt:3  | Killed Bai Suzhen
 83917 | Crypt:3  | XOM: noise
 84009 | Crypt:3  | XOM: silly message
 84588 | Crypt:3  | XOM: enchant monster (bad)
 84597 | Crypt:3  | Found a basalt altar of Yredelemnul.
 84608 | Crypt:3  | XOM: summons 3 friendly demons
 84614 | Crypt:3  | XOM: cast spell 'Call Canine Familiar'
 84619 | Crypt:3  | XOM: summons friendly quasit
 84627 | Crypt:3  | Reached skill level 5 in Armour
 84648 | Crypt:3  | XOM: fake destruction
 84698 | Crypt:3  | XOM: destruction
 84702 | Crypt:3  | XOM: fog
 84925 | Crypt:3  | XOM: cloud trail
 84957 | Crypt:3  | Learned a level 5 spell: Irradiate
 84980 | Crypt:3  | XOM: give mutations
 84980 | Crypt:3  | Lost mutation: You possess an exceptional clarity of mind.
                  | [Xom's mischief]
 84980 | Crypt:3  | Lost mutation: You have a pair of small antennae on your
                  | head. [Xom's mischief]
 84980 | Crypt:3  | Lost mutation: You have large cloven feet. [Xom's mischief]
 85002 | Crypt:3  | Reached skill level 1 in Transmutations
 85002 | Crypt:3  | Reached XP level 24. HP: 124/144 MP: 36/36
 85116 | Crypt:3  | Found the +8 whip "Snakebite" {curare, rPois}
 85128 | Crypt:3  | XOM: summons 5 friendly demons
 85139 | Crypt:3  | Identified the +11 flail of the Establishment {freeze,
                  | *Rage rElec rF++ rC+}
 85139 | Crypt:3  | Identified the ring "Vistin Fale" {rF+ SInv}
 85148 | Crypt:3  | Reached skill level 1 in Conjurations
 85152 | Crypt:3  | XOM: noise
 85183 | Crypt:3  | Identified the Volume of Evil Rituals
 85673 | Crypt:3  | XOM: give mutations
 85673 | Crypt:3  | Lost mutation: You occasionally shout uncontrollably at
                  | your foes. [Xom's mischief]
 85673 | Crypt:3  | Lost mutation: Your spells are much harder to cast, but
                  | much more powerful. [Xom's mischief]
 85754 | Crypt:3  | XOM: summons 2 hostile shadow creatures
 85803 | Crypt:3  | XOM: blink monster(s)
 85848 | Crypt:3  | XOM: chaos cloud
 86069 | Crypt:3  | Found a staircase to the Tomb.
 86621 | Crypt:1  | XOM: give mutations
 86621 | Crypt:1  | Lost mutation: You expend magic power (3 MP) to strengthen
                  | your wands. [Xom's mischief]
 86621 | Crypt:1  | Lost mutation: You are robust. (+10% HP) [Xom's mischief]
 86621 | Crypt:1  | Lost mutation: Your spells are harder to cast, but more
                  | powerful. [Xom's mischief]
 86621 | Crypt:1  | Lost mutation: Potions are less effective at restoring your
                  | health. [Xom's mischief]
 86623 | Crypt:1  | Noticed Xtahua
 86643 | Crypt:1  | Killed Xtahua
 86944 | D:13     | XOM: draining
 87003 | D:15     | XOM: enchant monster (bad)
 87036 | D:15     | Killed Pefaej's ghost
 87036 | D:15     | Reached skill level 5 in Transmutations
 87336 | Lair:3   | XOM is BORED!
 87336 | Lair:3   | XOM: give mutations
 87336 | Lair:3   | Gained mutation: You occasionally shout uncontrollably at
                  | your foes. [Xom's mischief]
 87336 | Lair:3   | Lost mutation: Your spells are a little harder to cast, but
                  | a little more powerful. [Xom's mischief]
 87336 | Lair:3   | Gained mutation: Your system is resistant to poisons.
                  | (rPois) [Xom's mischief]
 87362 | Spider:1 | XOM: torment (80/131 hp)
 87366 | Spider:1 | XOM: enchant monster (bad)
 87788 | Spider:4 | XOM: fake destruction
 88029 | Spider:4 | XOM: smoke on damage
 88038 | Spider:4 | XOM: confuse monster(s)
 88249 | Spider:4 | Got a gossamer rune of Zot
 88286 | Spider:4 | XOM: give mutations
 88286 | Spider:4 | Gained mutation: You possess an exceptional clarity of
                  | mind. [Xom's grace]
 88286 | Spider:4 | Gained mutation: You have sharp toenails. [Xom's grace]
 88759 | Vaults:5 | Entered Level 5 of the Vaults
 88807 | Vaults:5 | Reached skill level 5 in Conjurations
 88808 | Vaults:5 | Reached skill level 10 in Transmutations
 88810 | Vaults:5 | XOM: potion effect (berserk rage)
 88947 | Vaults:5 | XOM: potion effect (stabbing)
 88951 | Vaults:5 | XOM: potion effect (stabbing)
 88953 | Vaults:5 | XOM: potion effect (haste)
 89126 | Vaults:5 | XOM: cast spell 'Summon Ice Beast'
 89239 | Vaults:5 | XOM: potion effect (might)
 89257 | Vaults:5 | Reached XP level 25. HP: 129/135 MP: 36/36
 89287 | Vaults:5 | XOM: divination: detect creatures
 89288 | Vaults:5 | XOM: 2-stop teleportation journey
 89291 | Vaults:5 | Identified the +0 leather armour of Emed {+Fly MP+9 Int+3}
 89328 | Vaults:5 | XOM: chaos upgrade
 89556 | Vaults:5 | Identified the cursed +0 falchion of Diet Blood {vamp,
                  | Dex+2}
 89563 | Vaults:5 | XOM: silly message
 89594 | Vaults:5 | XOM: summons 13 hostile demons
 89626 | Vaults:5 | XOM: chaos upgrade
 89675 | Vaults:5 | XOM: noise
 90012 | Vaults:5 | Identified the -5 pair of boots "Orihed" {Dex-3 Slay+5}
                  | (You found it on level 5 of the Vaults)
 90052 | Vaults:5 | XOM: cast spell 'Death Channel'
 90112 | Vaults:5 | XOM: enchant monster (bad)
 90533 | Vaults:5 | XOM: 3-stop teleportation journey
 90590 | Vaults:5 | XOM: draining
 90621 | Vaults:5 | XOM: 4-stop teleportation journey
 90633 | Vaults:5 | Got a silver rune of Zot
 91143 | Vaults:5 | XOM: blink monster(s)
 91908 | Zot:1    | Entered Level 1 of the Realm of Zot
 92029 | Zot:1    | XOM: swap monsters
 92159 | Zot:1    | Reached skill level 10 in Spellcasting
 92392 | Zot:1    | Noticed a Killer Klown
 92425 | Zot:1    | XOM: summons 4 hostile demons
 92442 | Zot:1    | Noticed an ancient lich
 92458 | Zot:1    | XOM: polymorph purple draconian scorcher -> frost giant
 92462 | Zot:1    | Killed an ancient lich
 92483 | Zot:1    | Noticed a Killer Klown
 92495 | Zot:1    | XOM: summons 1 hostile demon
 92499 | Zot:1    | Killed a Killer Klown
 92531 | Zot:1    | Noticed a Killer Klown
 92532 | Zot:1    | Noticed a Killer Klown
 92533 | Zot:1    | Noticed a Killer Klown
 92538 | Zot:1    | XOM: summons 1 hostile shadow creature
 92593 | Zot:1    | Killed a Killer Klown
 92596 | Zot:1    | XOM: 1-stop teleportation journey
 92785 | Zot:1    | XOM: divine lightning
 92881 | Zot:1    | XOM: give mutations
 92881 | Zot:1    | Gained mutation: Your flesh is cold resistant. (rC+) [Xom's
                  | grace]
 92881 | Zot:1    | Gained mutation: You have a pair of small horns on your
                  | head. [Xom's grace]
 92899 | Zot:1    | XOM: divine lightning
 92900 | Zot:1    | XOM: god gift: bound amethyst amulet {god gift}
 92902 | Zot:1    | Identified the amulet of Xonei {god gift, rPois Regen+}
                  | (Xom gifted it to you on level 1 of the Realm of Zot)
 92912 | Zot:1    | Killed a Killer Klown
 92939 | Zot:1    | Reached skill level 10 in Armour
 92939 | Zot:1    | XOM: divine lightning
 92953 | Zot:1    | XOM: smoke on damage
 92954 | Zot:1    | Killed a Killer Klown
 93125 | Zot:1    | XOM: 7-stop teleportation journey
 93295 | Zot:1    | XOM: god gift: scroll of enchant armour {god gift}
 93374 | Zot:1    | Killed a Killer Klown
 93374 | Zot:1    | Reached skill level 15 in Transmutations
 93482 | Zot:1    | XOM: give mutations
 93482 | Zot:1    | Gained mutation: You are clumsy. (Dex -2) [Xom's mischief]
 93482 | Zot:1    | Lost mutation: Your system is resistant to poisons. (rPois)
                  | [Xom's mischief]
 93482 | Zot:1    | Lost mutation: You are clumsy. (Dex -2) [Xom's mischief]
 93666 | Zot:1    | XOM: give mutations
 93666 | Zot:1    | Lost mutation: Your mind is acute. (Int +2) [Xom's
                  | mischief]
 93666 | Zot:1    | Lost mutation: Your flesh is heat resistant. (rF+) [Xom's
                  | mischief]
 93666 | Zot:1    | Lost mutation: You have sharp toenails. [Xom's mischief]
 93666 | Zot:1    | Gained mutation: You are dopey. (Int -2) [Xom's mischief]
 93679 | Zot:1    | XOM: summons friendly iron imp
 93685 | Zot:1    | XOM: divine lightning
 93694 | Zot:1    | Reached XP level 26. HP: 121/140 MP: 40/40
 93971 | Zot:1    | XOM: polymorph yellow draconian -> entropy weaver
 94017 | Zot:1    | XOM: give mutations
 94017 | Zot:1    | Gained mutation: You are covered in thick fur. (AC +2)
                  | [Xom's grace]
 94017 | Zot:1    | Gained mutation: You have sharp fingernails. [Xom's grace]
 94017 | Zot:1    | Gained mutation: You are somewhat resistant to further
                  | mutation. [Xom's grace]
 94017 | Zot:1    | Gained mutation: You expend magic power (3 MP) to
                  | strengthen your wands. [Xom's grace]
 94212 | Zot:1    | XOM: god gift: scroll of fog {god gift}
 94265 | Zot:2    | XOM: scenery: create altars
 94446 | Zot:1    | XOM: cast spell 'Alistair's Intoxication'
 94565 | Zot:2    | XOM: summons friendly iron imp
 94694 | Zot:2    | XOM: confuse monster(s)
 94709 | Zot:2    | XOM: divination: detect creatures
 94872 | Zot:1    | XOM: noise
 94968 | Zot:2    | XOM: enchant monster (good)
 95551 | Zot:2    | XOM: chaos upgrade
 95604 | Zot:2    | XOM: silly message
 96106 | Zot:2    | XOM: 4-stop teleportation journey
 96202 | Zot:2    | XOM: polymorph shadow dragon -> iron giant
 96379 | Zot:2    | XOM: stat loss: -1 Dex (16/17)
 96416 | Zot:2    | XOM: potion effect (heal wounds)
 96575 | Zot:2    | XOM: summons 1 hostile shadow creature
 96613 | Zot:2    | XOM: draining
 97030 | Zot:3    | XOM: summons friendly quasit
 97070 | Zot:3    | Found a transporter.
 97093 | Zot:3    | XOM: god gift: ration {god gift}
 97179 | Zot:3    | XOM: cast spell 'Summon Ice Beast'
 97192 | Zot:3    | XOM: summons friendly iron imp
 97201 | Zot:3    | Reached skill level 15 in Spellcasting
 97516 | Zot:3    | XOM: polymorph red draconian -> emperor scorpion
 97592 | Zot:3    | XOM: 1-stop teleportation journey
 97684 | Zot:3    | XOM: silly message
 97795 | Zot:3    | XOM: silly message
 98022 | Zot:3    | Found a transporter.
 98350 | Zot:3    | XOM: potion effect (stabbing)
 98495 | Zot:3    | Gained mutation: Your magical capacity is low. (-10% MP)
                  | [mutagenic glow]
 98523 | Zot:3    | XOM: silly message
 98625 | Zot:3    | XOM: divination: magic mapping
 98630 | Zot:3    | Identified the Grimoire of Creative Darkness
 98638 | Zot:3    | Identified the ring of Meurr {rF+ Stlth+} (You found it on
                  | level 3 of the Realm of Zot)
 98648 | Zot:3    | Identified the cursed ring of Wusmaji {Dex-4 SInv} (You
                  | found it on level 3 of the Realm of Zot)
 98688 | Zot:4    | XOM: silly message
 99011 | Zot:4    | XOM: silly message
 99213 | Zot:4    | XOM: noise
 99234 | Zot:4    | XOM: divination: detect creatures
 99461 | Zot:5    | Entered Level 5 of the Realm of Zot
 99487 | Zot:5    | Found a large runed translucent door.
 99492 | Zot:5    | XOM: confuse monster(s)
 99507 | Zot:5    | Found a large runed translucent door.
 99508 | Zot:5    | Noticed xccam's ghost (legendary GnWn)
 99566 | Zot:5    | XOM: swap monsters
 99587 | Zot:5    | XOM: noise
100348 | Zot:5    | XOM: summons 2 hostile demons
100622 | Zot:5    | Noticed an orb of fire
100625 | Zot:5    | Noticed an orb of fire
100626 | Zot:5    | Killed an orb of fire
100626 | Zot:5    | Reached XP level 27. HP: 144/144 MP: 18/38
100629 | Zot:5    | Killed an orb of fire
100629 | Zot:5    | Noticed an orb of fire
100632 | Zot:5    | Gained mutation: You are clumsy. (Dex -2) [an orb of fire]
100634 | Zot:5    | Noticed an orb of fire
100637 | Zot:5    | Noticed an ancient lich
100637 | Zot:5    | Noticed an orb of fire
100637 | Zot:5    | Noticed an orb of fire
100637 | Zot:5    | Noticed an orb of fire
100639 | Zot:5    | XOM: cleaving
100861 | Zot:5    | Noticed an orb of fire
100890 | Zot:5    | Killed an orb of fire
100894 | Zot:5    | XOM: 1-stop teleportation journey
100914 | Zot:5    | XOM: 1-stop teleportation journey
100918 | Zot:5    | Noticed an orb of fire
101141 | Zot:5    | Noticed an ancient lich
101149 | Zot:5    | Killed an ancient lich
101149 | Zot:5    | Reached skill level 15 in Evocations
101357 | Zot:4    | XOM: 4-stop teleportation journey
101433 | Zot:5    | Killed an ancient lich
101442 | Zot:5    | Noticed an ancient lich
101460 | Zot:4    | XOM: smoke on damage
101552 | Zot:4    | XOM: 1-stop teleportation journey
101565 | Zot:4    | XOM: enchant monster (bad)
101891 | Zot:4    | XOM: potion effect (berserk rage)
102093 | Zot:4    | XOM: potion effect (invisibility)
102103 | Zot:4    | XOM: cast spell 'Shadow Creatures'
102263 | Zot:4    | XOM: enchant monster (bad)
102774 | Zot:5    | Killed an orb of fire
102912 | Zot:5    | XOM: potion effect (magic)
102916 | Zot:5    | Killed an orb of fire
103251 | Zot:5    | Noticed an orb of fire
103261 | Zot:5    | Gained mutation: Your magical capacity is very low. (-20%
                  | MP) [an orb of fire]
103262 | Zot:5    | Killed an orb of fire
103454 | Zot:4    | XOM: cloud trail
103597 | Zot:5    | XOM: scenery: 1 doors close
104006 | Zot:5    | XOM: cast spell 'Call Canine Familiar'
104015 | Zot:5    | XOM: noise
104067 | Zot:5    | Killed an orb of fire
104285 | Zot:4    | XOM: 1-stop teleportation journey
104325 | Zot:5    | Gained mutation: You are weak. (Str -2) [an orb of fire]
104329 | Zot:5    | Killed an orb of fire
104463 | Zot:4    | XOM: cloud trail
104544 | Zot:4    | XOM: 1-stop teleportation journey
104698 | Zot:5    | XOM: polymorph storm dragon -> azure jelly
104712 | Zot:5    | XOM: enchant monster (bad)
104776 | Zot:5    | XOM: summons friendly quasit
104807 | Zot:5    | Found a large runed translucent door.
104808 | Zot:5    | Found a large runed translucent door.
104865 | Zot:5    | Noticed an orb of fire
104872 | Zot:5    | Killed an orb of fire
104916 | Zot:4    | Gained mutation: You are frail. (-10% HP) [mutagenic glow]
105081 | Zot:5    | XOM: give mutations
105081 | Zot:5    | Lost mutation: You are frail. (-10% HP) [Xom's mischief]
105081 | Zot:5    | Lost mutation: You are somewhat resistant to further
                  | mutation. [Xom's mischief]
105081 | Zot:5    | Gained mutation: You evolve. [Xom's mischief]
105081 | Zot:5    | Lost mutation: You have a pair of small horns on your head.
                  | [Xom's mischief]
105187 | Zot:5    | Killed an ancient lich
105187 | Zot:5    | Reached skill level 15 in Armour
105434 | Zot:5    | Lost mutation: You possess an exceptional clarity of mind.
                  | [an orb of fire]
105436 | Zot:5    | Killed an orb of fire
105503 | Zot:4    | XOM: give mutations
105503 | Zot:4    | Gained mutation: You rapidly evolve. [Xom's grace]
105503 | Zot:4    | Gained mutation: You have large cloven feet. [Xom's grace]
105503 | Zot:4    | Gained mutation: You are partially covered in thin metallic
                  | scales. (AC +2) [Xom's grace]
105503 | Zot:4    | Gained mutation: You are partially covered in molten
                  | scales. (AC +2) [Xom's grace]
105780 | Zot:5    | XOM: summons friendly shadow imp
105861 | Zot:5    | XOM: scenery: create altars
105874 | Zot:5    | Killed an orb of fire
105967 | Zot:4    | XOM: summons friendly crimson imp
106215 | Zot:5    | XOM: cast spell 'Shadow Creatures'
106239 | Zot:5    | XOM: 1-stop teleportation journey
106263 | Zot:5    | XOM: 1-stop teleportation journey
106452 | Zot:5    | XOM: confuse monster(s)
106460 | Zot:5    | XOM: give mutation
106460 | Zot:5    | Lost mutation: You are weak. (Str -2) [Xom's mischief]
106856 | Zot:5    | XOM: summons 2 hostile shadow creatures
106857 | Zot:5    | Noticed an orb of fire
106858 | Zot:5    | XOM: noise
106858 | Zot:5    | Gained mutation: You do not regenerate when monsters are
                  | visible. [an orb of fire]
107108 | Zot:5    | Found a shimmering altar of Xom.
107119 | Zot:5    | Found a large runed translucent door.
107122 | Zot:5    | Found a large runed translucent door.
107313 | Zot:5    | XOM: god gift: club {god gift}
107423 | Zot:5    | XOM: give mutations
107423 | Zot:5    | Gained mutation: You are partially covered in yellow
                  | scales. (AC +2) [Xom's grace]
107423 | Zot:5    | Gained mutation: You possess an exceptional clarity of
                  | mind. [Xom's grace]
107423 | Zot:5    | Gained mutation: You are resistant to electric shocks.
                  | (rElec) [Xom's grace]
107668 | Zot:5    | Got the Orb of Zot
107735 | Zot:1    | Noticed an orb of fire
107780 | Depths:5 | Noticed a seraph
107795 | Depths:4 | XOM: cleaving
107799 | Depths:4 | XOM: scenery: create altars
107851 | Depths:2 | Gained mutation: Armour fits poorly on your strangely
                  | shaped body. [a neqoxec]
107863 | D:15     | XOM: give mutations
107863 | D:15     | Gained mutation: You are resistant to hostile enchantments.
                  | (MR+) [Xom's grace]
107863 | D:15     | Gained mutation: You have a pair of small horns on your
                  | head. [Xom's grace]
107863 | D:15     | Gained mutation: Your spells are a little harder to cast,
                  | but a little more powerful. [Xom's grace]
107877 | D:15     | XOM: god gift: scroll of noise {god gift}
108008 | D:12     | XOM: give mutations
108008 | D:12     | Lost mutation: You have large cloven feet. [Xom's mischief]
108008 | D:12     | Lost mutation: You expend magic power (3 MP) to strengthen
                  | your wands. [Xom's mischief]
108008 | D:12     | Lost mutation: You rapidly evolve. [Xom's mischief]
108008 | D:12     | Lost mutation: You evolve. [Xom's mischief]
108170 | D:3      | XOM: scenery: 1 doors close
108249 | D:$      | Escaped with the Orb!
